Workbook
Name \a: #REF!
Name \a: #REF!
Name \a: #REF!
Name \a: #REF!
Name \a: #REF!
Name \a: #REF!
Name \b: #REF!
Name \b: #REF!
Name \b: #REF!
Name \b: #REF!
Name \b: #REF!
Name \b: [1]INSUMOS!#REF!
Name \b: #REF!
Name \c: #REF!
Name \c: #REF!
Name \c: #REF!
Name \c: #REF!
Name \c: #REF!
Name \c: #REF!
Name \c: #REF!
Name \eliminar: #REF!
Name \eliminar: [2]RESUM96!#REF!
Name \eliminar: #REF!
Name \eliminar1: #REF!
Name \eliminar1: [2]RESUM96!#REF!
Name \eliminar1: #REF!
Name \i: #REF!
Name \i: #REF!
Name \i: #REF!
Name \i: #REF!
Name \i: #REF!
Name \i: [1]INSUMOS!#REF!
Name \i: #REF!
Name \L: #REF!
Name \L: #REF!
Name \L: #REF!
Name \L: #REF!
Name \L: #REF!
Name \L: #REF!
Name \L: #REF!
Name \m: #REF!
Name \m: #REF!
Name \m: #REF!
Name \m: [1]INSUMOS!#REF!
Name \m: #REF!
Name \o: #REF!
Name \o: #REF!
Name \o: #REF!
Name \o: #REF!
Name \o: #REF!
Name \o: #REF!
Name \o: #REF!
Name \P: #REF!
Name \P: #REF!
Name \P: #REF!
Name \P: #REF!
Name \P: #REF!
Name \P: #REF!
Name \P: #REF!
Name \q: #REF!

Sheet MAQUINARIA
B3: =+INSUMOS!B3 -> 0 | E3: IMPRESO
B5: DESCRIPCIÓN | C5: UNIDAD | D5: TARIFA
B6: ESCALERA DESPLEGLABLE | C6: DIA | D6: 5000

Sheet PRESUPUESTO (2)
A2: ITEMS | B2: DESCRIPCIÓN DE LA ACTIVIDAD | C2: UNIDAD | D2: CANTIDAD | E2: VR.UNITARIO | F2: VR.TOTAL
M3: ='PRESUPUESTO (2)'!#REF!*1.3 -> #REF! | N3: =#REF!-M3 -> #REF!
A4: 1 | B4: ACUEDUCTO | F4: =SUM(F5:F15) -> 25819875
A5: 1.1 | B5: LOCALIZACIÓN TRAZADO Y REPLANTEO PARA REDES DE ACUEDUCTO | C5: ML | D5: =+'CANTIDADES I'!U18 -> 432.3 | E5: 4000 | F5: =ROUND(D5*E5,0) -> 1729200
A6: =+A5+0.1 -> 1.2 | B6: EXCAVACIONES VARIAS EN MATERIAL COMUN EN SECO A MANO | C6: M3 | D6: =+'CANTIDADES I'!U49 -> 275.2725 | E6: 28000 | F6: =ROUND(D6*E6,0) -> 7707630
A7: =+A6+0.1 -> 1.3 | B7: TRANSPORTE DE MATERIALES PROVENIENTES DE LA EXPLAN, CANAL, PRESTAMO MAS DE 1000 m. | C7: M3/KM | D7: =+'CANTIDADES I'!U87 -> 1447.78 | F7: =ROUND(D7*E7,0) -> 0
A8: =+A7+0.1 -> 1.4 | B8: RELLENO CON ARENA | C8: M3 | D8: =+'CANTIDADES I'!U116 -> 35.1225 | E8: 18000 | F8: =ROUND(D8*E8,0) -> 632205
A9: =+A8+0.1 -> 1.5 | B9: RELLENO CON MATERIAL SELECCIONADO DE CANTERA AL 95% DEL P.M. | C9: M3 | D9: =+'CANTIDADES I'!U152 -> 70.245 | E9: 18000 | F9: =ROUND(D9*E9,0) -> 1264410
A10: =+A9+0.1 -> 1.6 | B10: RELLENO CON MATERIAL DEL SITIO COMPACTADO | C10: M3 | D10: =+'CANTIDADES I'!U179 -> 163.905 | E10: 16000 | F10: =ROUND(D10*E10,0) -> 2622480
A11: =+A10+0.1 -> 1.7 | B11: INSTALACION DE TUBERIA PEAD 3" D=90MM PE 100 PN 10(INCLUYE EXTENDIDO, COLOCACIÓN DE LA TUBERIA Y PUESTA DE ACCESORIOS). | C11: ML | D11: =+'CANTIDADES I'!U208 -> 468.3 | E11: 6500 | F11: =ROUND(D11*E11,0) -> 3043950
A12: =+A11+0.1 -> 1.8 | B12: INSTALACIÓN DE ACOMETIDA DOMICILIARIA DE ACUEDUCTO DE TUBERIA PEAD 3" D=90MM EN TUBERIA PEAD16 mm PN 10 SOBRE TUBERÍA DE PEAD (INCLUYE EXTENDIDO, COLOCACIÓN DE LA TUBERIA Y PUESTA DE ACCESORIOS) | C12: UND | D12: =+'CANTIDADES I'!U235 -> 57 | E12: 100000 | F12: =ROUND(D12*E12,0) -> 5700000
A13: =+A12+0.1 -> 1.9 | B13: INSTALACIÓN DE ACCESORIOS DE EXTREMO BRIDADO, DIAMETRO 3 PULG BRIDA UNIVERSAL) | C13: UND | D13: =+'CANTIDADES I'!U260 -> 6 | E13: 200000 | F13: =ROUND(D13*E13,0) -> 1200000
A14: 1.1 | B14: EMPALME A TUBERIA DE ACUEDUCTO EXISTENTE. | C14: UND | D14: =+'CANTIDADES I'!U285 -> 6 | E14: =+E13 -> 200000 | F14: =ROUND(D14*E14,0) -> 1200000
A15: 1.11 | B15: TEE 3" DN=90MM PEAD, PE 100 PN 10 | C15: UND | D15: =+'CANTIDADES I'!U310 -> 4 | E15: 180000 | F15: =ROUND(D15*E15,0) -> 720000
A17: 2 | B17: ALCANTARILLADO | F17: =SUM(F18:F32) -> 72921533
A18: 2.1 | B18: LOCALIZACIÓN TRAZADO Y REPLANTEO PARA REDES DE ALCANTARILLADO | C18: ML | D18: =+'CANTIDADES II'!W29 -> 442.318 | E18: 4000 | F18: =ROUND(D18*E18,0) -> 1769272
A19: =+A18+0.1 -> 2.2 | B19: EXCAVACIONES MECANICA EN MATERIAL COMUN | C19: M3 | D19: =+'CANTIDADES II'!W58 -> 433.67574 | F19: =ROUND(D19*E19,0) -> 0
A20: =+A19+0.1 -> 2.3 | B20: EXCAVACIONES VARIAS EN MATERIAL COMUN EN SECO A MANO | C20: M3 | D20: =+'CANTIDADES II'!W88 -> 406.456 | E20: 28000 | F20: =ROUND(D20*E20,0) -> 11380768
A21: =+A20+0.1 -> 2.4 | B21: TRANSPORTE DE MATERIALES PROVENIENTES DE LA EXPLAN, CANAL, PRESTAMO MAS DE 1000 m. | C21: M3/KM | D21: =+'CANTIDADES II'!W120 -> 2407.45 | F21: =ROUND(D21*E21,0) -> 0
A22: =+A21+0.1 -> 2.5 | B22: RELLENO CON ARENA | C22: M3 | D22: =+'CANTIDADES II'!W155 -> 41.96862 | E22: 18000 | F22: =ROUND(D22*E22,0) -> 755435
A23: =+A22+0.1 -> 2.6 | B23: RELLENO CON MATERIAL SELECCIONADO DE CANTERA AL 95% DEL P.M. | C23: M3 | D23: =+'CANTIDADES II'!W188 -> 83.93724 | E23: =+E22 -> 18000 | F23: =ROUND(D23*E23,0) -> 1510870
A24: =+A23+0.1 -> 2.7 | B24: RELLENO CON MATERIAL DEL SITIO COMPACTADO | C24: M3 | D24: =+'CANTIDADES II'!W223 -> 554.88126 | E24: 16000 | F24: =ROUND(D24*E24,0) -> 8878100
A25: =+A24+0.1 -> 2.8 | B25: EMPALME DE TUBERIA | C25: UND | D25: =+'CANTIDADES II'!W252 -> 7 | E25: 150000 | F25: =ROUND(D25*E25,0) -> 1050000
A26: =+A25+0.1 -> 2.9 | B26: REGISTRO DE INSPECCIÓN DE 0,6mx0,6m CONCRETO DE 21MPa (INCLUYE TAPA) | C26: UND | D26: =+'CANTIDADES II'!W279 -> 73 | E26: 180000 | F26: =ROUND(D26*E26,0) -> 13140000
A27: 2.1 | B27: SUMINISTRO E INSTALACIÓN DE TUBERIA PVC ALCANTARILLADO D=200mm (8Pulg), (INCLUYE EXTENDIDO Y COLOCACIÓN DE LA TUBERÍA) | C27: ML | D27: =+'CANTIDADES II'!W309 -> 442.318 | E27: 10000 | F27: =ROUND(D27*E27,0) -> 4423180
B28: prueba de aplastamiento | C28: =+C27 -> ML | D28: =+D27 -> 442.318 | E28: 6000 | F28: =ROUND(D28*E28,0) -> 2653908
A29: =+A27+0.01 -> 2.11 | B29: SUMINISTRO E INSTALACION DE TUBERIA PVC ALCANTARILLADO D= 160mm(6Pulg.), (INCLUYE EXTENDIDO Y COLOCACIÓN DE LA TUBERIA Y LOS ACCESORIOS) | C29: ML | D29: =+'CANTIDADES II'!W335 -> 438 | E29: 10000 | F29: =ROUND(D29*E29,0) -> 4380000
A30: =+A29+0.01 -> 2.12 | B30: SUMINISTRO E INSTALACION DE SILLA YEE Ø200mmx160mm CxCxC | C30: UND | D30: =+'CANTIDADES II'!W362 -> 73 | E30: 60000 | F30: =ROUND(D30*E30,0) -> 4380000
A31: =+A30+0.01 -> 2.13 | B31: DEMOLICION DE POZO DE INSPECCION EXISTENTE | C31: UND | D31: =+'CANTIDADES II'!W388 -> 12 | E31: 250000 | F31: =ROUND(D31*E31,0) -> 3000000
A32: =+A31+0.01 -> 2.14 | B32: POZO DE INSPECCIÓN H ≤ 1,8m DE PROFUNDIDAD Y DIAMETRO INTERIOR DE 1,2m EN CONCRETO DE 24.5 MPa IMPERMEABILIZADO, ELABORADO EN OBRA (INCLUYE TAPA DE HIERRO) | C32: UND | D32: =+'CANTIDADES II'!W414 -> 12 | E32: 1300000 | F32: =ROUND(D32*E32,0) -> 15600000
C34: COSTOS DIRECTOS | F34: =+F4+F17 -> 98741408 | J34: 546279197
B36: SUMINSITROS
B37: ACUEDUCTO
B38: LISTADO DE MATERIALES | C38: UNIDAD | D38: CANTIDAD | E38: VALOR
B39: TUBERIA PEAD DE 3" | C39: METROS | D39: 450 | E39: 16800 | F39: =+D39*E39 -> 7560000 | G39: 432.3
B40: TUBERIA PEAD DE 16MM | C40: METROS | D40: 350 | E40: 1975 | F40: =+D40*E40 -> 691250
B41: ADACTADOR MACHO | C41: UNIDAD | D41: 60 | E41: 2101 | F41: =+D41*E41 -> 126060
B42: ADACTADOR HEMBRA | C42: UNIDAD | D42: =+D41 -> 60 | E42: =+E41 -> 2101 | F42: =+D42*E42 -> 126060
B43: SILLETA DE 3" | C43: UNIDAD | D43: =+D42 -> 60 | E43: 10084 | F43: =+D43*E43 -> 605040
B44: COLLAR DE 3" | C44: UNIDAD | D44: =+D43 -> 60 | E44: 18908 | F44: =+D44*E44 -> 1134480
B45: ACCESORIO BXU 3" | C45: UNIDAD | D45: 6 | E45: 115000 | F45: =+D45*E45 -> 690000
B46: FLANCHE 3" PEAD | C46: UNIDAD | D46: 6 | E46: 43000 | F46: =+D46*E46 -> 258000
B47: PORTA FLANCHE 3" PEAD | C47: UNIDAD | D47: 6 | E47: 34500 | F47: =+D47*E47 -> 207000
B48: TEE 3" PEAD | C48: UNIDAD | D48: 4 | E48: 62000 | F48: =+D48*E48 -> 248000
B50: ALCANTARILLADO
B51: TUBERIA 8" NOVAFORT | C51: TUBOS | D51: 80 | E51: 148000 | F51: =+D51*E51 -> 11840000
B52: TUBERIA 6" NOVAFORT | C52: TUBOS | D52: 75 | E52: 103000 | F52: =+D52*E52 -> 7725000
B53: SILLA YE 8X6 INCLUYE KIT | C53: UNIDAD | D53: =+D52 -> 75 | E53: 75000 | F53: =+D53*E53 -> 5625000
B54: TAPAS DE MANHOL EN ACERO | C54: UNIDAD | D54: 12 | E54: 655500 | F54: =+D54*E54 -> 7866000
F55: =SUM(F39:F54) -> 44701890
E56: IVA | F56: =+F55*0.19 -> 8493359.1
E57: VALOR TOTAL | F57: =+F55+F56 -> 53195249
B59: ARENA | C59: VOLTEO | D59: 2 | E59: =70000*7 -> 490000 | F59: =+D59*E59 -> 980000
B60: GRAVILLA | C60: VOLTEO | D60: 2 | E60: =7*120000 -> 840000 | F60: =+D60*E60 -> 1680000
B61: CEMENTO | C61: BOLSA | D61: 250 | E61: 35000 | F61: =+D61*E61 -> 8750000
B62: VARILLA DE 1/2 | C62: VARILLA | D62: 120 | E62: 26000 | F62: =+D62*E62 -> 3120000
B63: VARILLA DE 3/8 | C63: VARILLA | D63: 50 | E63: 17000 | F63: =+D63*E63 -> 850000
B64: ALMABRE 50KG | C64: KG | D64: 50 | E64: 9000 | F64: =+D64*E64 -> 450000
F65: =SUM(F59:F64) -> 15830000
E67: VALOR TOTAL | F67: =+F57+F34+F65 -> 1.6776666e+08
F68: 200000000
B70: =+B8 -> RELLENO CON ARENA | C70: M3 | D70: =+D8+D22 -> 77.09112 | E70: 80000 | F70: =+D70*E70 -> 6167289.6
B71: =+B9 -> RELLENO CON MATERIAL SELECCIONADO DE CANTERA AL 95% DEL P.M. | C71: M3 | D71: =+D9+D23 -> 154.18224 | E71: 40000 | F71: =+D71*E71 -> 6167289.6
B72: HORAS MAQUINAS | E72: 30000000 | F72: =+E72 -> 30000000
F74: 50000000
F76: =+F74+F68 -> 250000000
B79: VALOR DEL PROYECTO | F79: =+PRESUPUESTO!F46 -> 48579836
B80: ESTAMPILLAS 18% | F80: =+F79*0.18 -> 8744370.5
B81: COMISION 20% | F81: =+F79*0.2 -> 9715967.2
F82: =+F79-F80-F81 -> 30119498
E84: SALDO | F84: =+F82-F76 -> -2.198805e+08 | G84: UTILIDAD
E85: SEGURIDAD SOCUIAL
E86: RESIDENTES
E87: BODEGA
E88: CELADO

Sheet Hoja1
C2: ACUEDUCTO
C3: LISTADO DE MATERIALES | D3: UNIDAD | E3: CANTIDAD
C4: TUBERIA PEAD DE 3" | D4: METROS | E4: 560
C5: TUBERIA PEAD DE 16MM | D5: METROS | E5: 500
C6: ADACTADOR MACHO | D6: UNIDAD | E6: 70
C7: ADACTADOR HEMBRA | D7: UNIDAD | E7: 70
C8: PF | D8: UNIDAD | E8: 70
C9: SILLETA DE 3" | D9: UNIDAD | E9: 70
C10: ACCESORIO BXU 3" | D10: UNIDAD | E10: 7
C11: FLANCHE 3" PEAD | D11: UNIDAD | E11: 7
C12: PORTA FLANCHE 3" PEAD | D12: UNIDAD | E12: 7
C13: TEE 3" PEAD | D13: UNIDAD | E13: 6
C15: ALCANTARILLADO
C16: TUBERIA 8" NOVAFORT | D16: TUBOS | E16: 90
C17: TUBERIA 6" NOVAFORT | D17: TUBOS | E17: 80
C18: SILLA YE 8X6 INCLUYE KIT | D18: UNIDAD | E18: 79
C19: TAPAS DE MANHOL EN ACERO | D19: UNIDAD | E19: 12

Sheet INTERVENTORIA
A1: PRESUPUESTO DE INTERVENTORIA
A2: PROYECTO | B2: =+PRESUPUESTO!A1 -> ADQUISICIÓN E INSTALACIÓN DE CIRCUITO INTEGRADO DE VIGILANCIA PARA BODEGA QUE CUSTODIA MERCANCÍA APREHENDIDA POR EL GRUPO ANTICONTRABANDO DEL DEPARTAMENTO DE CÓRDOBA
A5: 1. PERSONAL PROFESIONAL
A6: CONCEPTO | B6: A | C6: B | D6: C | E6: D | F6: E | G6: F
A7: PERSONAL PROFESIONAL | B7: SUELDO MES BASICO | C7: DEDICACION (%) | D7: F.M. | E7: VALOR MES ( A x B x C ) | F7: No DE MESES | G7: TOTAL ( D x E )
A8: Ingeniero Civil director de interventoria | B8: =+'AUI '!G10 -> 6000000 | C8: 0.5 | D8: =+'.FM'!C50 -> 1.7679 | E8: =(D8*C8*B8) -> 5303700 | F8: 2 | G8: =F8*E8 -> 10607400
A9: Ingeniero Civil Residente | B9: =+'AUI '!G11 -> 4500000 | C9: 1 | D9: =+D8 -> 1.7679 | E9: =(D9*C9*B9) -> 7955550 | F9: 2 | G9: =F9*E9 -> 15911100
A10: =+'AUI '!B12 -> Profesional SISO | B10: =+'AUI '!G12 -> 2500000 | C10: 0.5 | D10: =+'.FM'!C97 -> 1.915 | E10: =(D10*C10*B10) -> 2393750 | F10: 2 | G10: =F10*E10 -> 4787500
A11: 1. SUBTOTAL COSTOS PERSONAL PROFESIONAL | G11: =SUM(G8:G10) -> 31306000
A12: 2. PERSONAL ADMINISTRATIVO
A13: CONCEPTO | B13: A | C13: B | D13: C | E13: D | F13: E | G13: F
A14: PERSONAL ADMINISTRATIVO | B14: SUELDO MES BASICO | C14: DEDICACION (%) | D14: F.M. | E14: VALOR MES ( A x B x C ) | F14: No DE MESES | G14: TOTAL ( D x E )
A15: Topografo | B15: 2000000 | C15: 0.5 | D15: =+'.FM'!C97 -> 1.915 | E15: =(D15*C15*B15) -> 1915000 | F15: 2 | G15: =F15*E15 -> 3830000
A16: Secretaria | B16: =+'MANO DE OBRA'!C9 -> 1750905 | C16: 0.5 | D16: =+D15 -> 1.915 | E16: =(D16*C16*B16) -> 1676491.5 | F16: 2 | G16: =F16*E16 -> 3352983.1
A17: 2. SUBTOTAL COSTOS PERSONAL ADMINISTRATIVO | G17: =SUM(G15:G16) -> 7182983.1
A18: 3. OTROS COSTOS DIRECTOS
A19: OTROS COSTOS DIRECTOS | B19: UND | C19: CANTIDAD | D19: VALOR UNITARIO | F19: VALOR TOTAL
A20: Alquiler de equipos topograficos | B20: Mes | C20: =+F15 -> 2 | D20: 2500000 | F20: =+C20*D20 -> 5000000
A21: Transporte del personal a obra | B21: =+B20 -> Mes | C21: =+C20 -> 2 | D21: 2000000 | F21: =+C21*D21 -> 4000000
A22: Impresión de Planos, impresión de informes | B22: Mes | C22: =+F8 -> 2 | D22: 302731.4 | F22: =D22*C22 -> 605462.81
A23: 3. SUBTOTAL OTROS COSTOS DIRECTOS | G23: =ROUND(SUM(F20:G22),0) -> 9605463
A25: 4. RESUMEN GENERAL
A26: COSTO TOTAL ( 1 + 2 + 3 ) | F26: =ROUND(G11+G17+G23,0) -> 48094446
A27: IMPUESTOS DE ESTAMPILLAS (11.5%): | F27: =ROUND(F26*11.5%,0) -> 5530861
A28: IVA (Sobre costo basico 19.00%) | F28: =ROUND(F26*19%,0) -> 9137945
A29: VALOR TOTAL DE LA INTERVENTORIA | F29: =F28+F26+F27 -> 62763252 | H29: =+PRESUPUESTO!#REF! -> #REF! | I29: =F29-H29 -> #REF!
A35: CARMEN ANA MERCADO PEREZ
A36: Secretario De Planeación
A37: COROZAL – SUCRE

Sheet PRESUPUESTO
A1: ADQUISICIÓN E INSTALACIÓN DE CIRCUITO INTEGRADO DE VIGILANCIA PARA BODEGA QUE CUSTODIA MERCANCÍA APREHENDIDA POR EL GRUPO ANTICONTRABANDO DEL DEPARTAMENTO DE CÓRDOBA
A3: PRESUPUESTO DE OBRA
A5: DEPARTAMENTO DE CORDODA
A7: MAYO 2026
A9: ITEMS | B9: DESCRIPCIÓN DE LA ACTIVIDAD | C9: UNIDAD | D9: CANTIDAD | E9: VR.UNITARIO | F9: VR.TOTAL
A11: 1.1 | B11: SUMINISTRO E INSTALACION DE GRABADOR DE VIDEO EN RED (NVR) DE 16 CANALES. COMPRESIÓN: H265. CAPACIDAD DE DECODIFICACIÓN: 1 CANAL EN RESOLUCIÓN 4K O 4 CANALES EN 4MP SIMULTÁNEAMENTE. ANCHO DE BANDA: 80 MBPS. ALMACENTAMIENTO: 1 SATA. CON SALIDA HDMI; SOPORTA 16 CÁMARAS SIMULTÁNEAS A 4 MP CON GRABACIÓN CONTINUA. TIEMPO MÍNIMO DE ALMACENAMIENTO: 20 DÍAS EN GRABACIÓN CONTINUA. COMPATIBLE CON TODOS LOS PROTOCOLOS. SOPORTE MONITOREO Y BUSQUEDA EN TIEMPO REAL POR APP MÓVIL. GARANTÍA: POR DEFECTO DE FÁBRICA 12 MESES | C11: UND | D11: 1 | E11: =+'APU CAP. I'!G48 -> 1523076 | F11: =+D11*E11 -> 1523076
A12: 1.2 | B12: SUMINISTRO E INSTALACION DE DISPOSITIVO DE VIGILANCIA (CÁMARA IP) DE ALTA RESOLUCIÓN: 4 MEGAPIXELES. TECNOLOGÍA SMART DUAL LIGHT. LENTE: FIJO DE 2.8MM. CON LUZ VISIBLE, RESISTENTENCIA: IP67, IMPERMEABLE Y RESISTENTE AL POLVO. ESTUCTURA: SEMIMETÁLICA. RESOLUCIÓN MÍNIMA EFECTIVA, VISIÓN NOCTURNA, DISTANCIA IR/LUZ BLANCA INFRAROJA A TOTAL OSCURIDAD, DISTANCIA IR/LUZ BLANCA. 20 MTS. GARANTÍA: POR DEFECTO DE FÁBRICA 12 MESES | C12: UND | D12: 16 | E12: =+'APU CAP. I'!G95 -> 503845.39 | F12: =+D12*E12 -> 8061526.2 | H12: SUMINISTRO E INSTALACION DE DISPOSITIVO DE VIGILANCIA (CÁMARA IP) DE ALTA RESOLUCIÓN: 4 MEGAPIXELES. TECNOLOGÍA SMART DUAL LIGHT. LENTE: FIJO DE 2.8MM. CON LUZ VISIBLE, RESISTENTENCIA: IP67, IMPERMEABLE Y RESISTENTE AL POLVO. ESTUCTURA: SEMIMETÁLICA. RESOLUCIÓN MÍNIMA EFECTIVA, VISIÓN NOCTURNA, DISTANCIA IR/LUZ BLANCA INFRAROJA A TOTAL OSCURIDAD, DISTANCIA IR/LUZ BLANCA. 20 MTS. GARANTÍA: POR DEFECTO DE FÁBRICA 12 MESES
A13: 1.3 | B13: SUMINISTRO E INSTALACION DE CONDUCTOR DE RED DE ALTO RENDIMIENTO (CABLE UTP). CATEGORÍA 6 PARA REDES DE ALTA VELOCIDAD. MATERIAL: 100% COBRE. CALIBRE: 4P ESTÁNDAR DE 8 HILOS, 0,53 MM. REVESTIMIENTO EXTERIOR EN CHAQUETA PVC. GARANTÍA: POR DEFECTO DE FABRICA 60 MESES | C13: ML | D13: 800 | E13: =+'APU CAP. I'!G142 -> 2268.97 | F13: =+D13*E13 -> 1815176
A14: 1.4 | B14: SUMINISTRO E INSTALACION DE DISCO DURO/UNIDAD DE ALMACENAMIENTO DE 3.5 PULGADAS. CON SISTEMA DE VIDEOVIGILANCIA CONTINUA 24/7. CAPACIDAD DE ALMACENAMIENTO: 4 TERABYTES. TIEMPO MINIMO DE ALMACENAMIENTO: 20 DIAS.GARANTÍA: POR DEFECTO DE FÁBRICA 12 MESES | C14: UND | D14: 2 | E14: =+'APU CAP. I'!G189 -> 638978.21 | F14: =+D14*E14 -> 1277956.4
A15: 1.5 | B15: SUMINISTRO E INSTALACION DE CONECTORES RJ45 DISEÑADOS PARA REDES DE ALTA VELOCIDAD DE HASTA 10GBPS. CATEGORÍA: 6 PARA REDUCIR INTERFERENCIA (RUIDO). GARANTÍA: POR DEFECTO DE FÁBRICA 12 MESES | C15: UND | D15: 40 | E15: =+'APU CAP. I'!G236 -> 1923.08 | F15: =+D15*E15 -> 76923.2
A16: 1.6 | B16: SUMINISTRO E INSTALACION DE GABINETE DE RED DE 11U TIPO RACK PARA ORGANIZACIÓN DE DISPOSITIVOS: ESTRUCTURA: METÁLICA. CON PUERTA MATERIAL METALICO CON CERRADURA, DISEÑADA PARA ALOJAR Y ORGANIZAR EQUIPOS DE RED Y CABLEADO CON CAPACIDAD DE CARGA DE 50KG. GARANTÍA: POR DEFECTO DE FÁBRICA 12 MESES | C16: UND | D16: 1 | E16: =+'APU CAP. I'!G283 -> 1029550 | F16: =+D16*E16 -> 1029550
A17: 1.7 | B17: SUMINISTRO E INSTALACION DE CAJA MEDIDAS 10X10 CMS: CAJA DE CONEXIÓN ELÉCTRICA EN MATERIAL PLÁSTICO PARA PROTECCIÓN Y DISTRIBUCIÓN DE CABLEADO ELÉCTRICO O DE DATOS. GARANTÍA: POR DEFECTO DE FÁBRICA 12 MESES | C17: UND | D17: 35 | E17: =+'APU CAP. I'!G330 -> 5241.79 | F17: =+D17*E17 -> 183462.65
A18: 1.8 | B18: SUMINISTRO E INSTALACION DE CAJA DE PASO MEDIDAS: 38X38X10 CMS. MATERIAL: METÁLICA. PARA EMPALMES Y DERIVACIONES DE CABLEADO.GARANTÍA: POR DEFECTO DE FÁBRICA 12 MESES | C18: UND | D18: 3 | E18: =+'APU CAP. I'!G377 -> 98662.56 | F18: =+D18*E18 -> 295987.68
A19: 1.9 | B19: SUMINISTRO E INSTALACION DE TUBERÍA EMT 1/2: CONDUCTO METÁLICO DE 1/2”POR METRO PARA PROTECCIÓN DE CABLES ELÉCTRICOS, CON SUS RESPECTIVOS ACCESORIOS DE INSTALACIÓN (ADAPTADORES,UNIONES, CURVAS, GRAPAS). GARANTÍA: POR DEFECTO DE FÁBRICA 12 MESES | C19: ML | D19: 90 | E19: =+'APU CAP. I'!G424 -> 7431 | F19: =+D19*E19 -> 668790
A20: 1.10 | B20: SUMINISTRO E INSTALACION DE TUBERÍA EMT 3/4:CONDUCTO METÁLICO DE 3/4” POR METRO PARA PROTECCIÓN DE CABLES ELÉCTRICOS, CON SUS RESPECTIVOS ACCESORIOS DE INSTALACIÓN (ADAPTADORES,UNIONES, CURVAS, GRAPAS). GARANTÍA: POR DEFECTO DE FÁBRICA 12 MESES | C20: ML | D20: 75 | E20: =+'APU CAP. I'!G471 -> 9660 | F20: =+D20*E20 -> 724500
A21: 1.11 | B21: SUMINISTRO E INSTALACION DE CANALETA. MATERIAL: PLÁSTICO. MEDIDAS 40X25 CMS. PARA CABLEADO ELÉCTRICO. GARANTÍA: POR DEFECTO DE FÁBRICA 12 MESES | C21: ML | D21: 20 | E21: =+'APU CAP. I'!G518 -> 21153 | F21: =+D21*E21 -> 423060
A22: 1.12 | B22: SUMINISTRO E INSTALACION DE TUBERÍA MATERIAL PVC. GROSOR DE PARED SCH 40. MEDIDAS DE 1/2” PARA CONDUCCIÓN DE CABLEADO, INCLUYE ACCESORIOS (ADAPTADORES,UNIONES, CURVAS, GRAPAS). GARANTÍA: POR DEFECTO DE FÁBRICA 12 MESES | C22: ML | D22: 150 | E22: =+'APU CAP. I'!G565 -> 1489 | F22: =+D22*E22 -> 223350
A23: 1.13 | B23: SUMINISTRO E INSTALACION DE TUBERÍA MATERIAL PVC. GROSOR DE PARED SCH 40. MEDIDAS DE 3/4” PARA CONDUCCIÓN DE CABLEADO, INCLUYE ACCESORIOS (ADAPTADORES,UNIONES, CURVAS, GRAPAS). GARANTÍA: POR DEFECTO DE FÁBRICA 12 MESES | C23: ML | D23: 135 | E23: =+'APU CAP. I'!G612 -> 2057 | F23: =+D23*E23 -> 277695
A24: 1.14 | B24: SUMINISTRO E INSTALACION DE CABLE ENCAUCHETADO POR ML. CABLE ELÉCTRICO FLEXIBLE DE 3 CONDUCTORES CALIBRE 12 CON RECUBRIMIENTO PROTECTOR. GARANTÍA: POR DEFECTO DE FÁBRICA 36 MESES | C24: ML | D24: 30 | E24: =+'APU CAP. I'!G659 -> 23076.15 | F24: =+D24*E24 -> 692284.5
A25: 1.15 | B25: SUMINISTRO E INSTALACION DE TOMA ELECTRICO 15 AMP: DISPOSITIVO DE CONEXIÓN ELÉCTRICA PARA SUMINISTRO DE ENERGÍA. TIPO: DOBLE. SOPORTE DE POTENCIA DE 1800W A 120V. GARANTÍA: POR DEFECTO DE FÁBRICA 12 MESES | C25: UND | D25: 3 | E25: =+'APU CAP. I'!G706 -> 7306.15 | F25: =+D25*E25 -> 21918.45
A26: 1.16 | B26: SUMINISTRO E INSTALACION DE CINTA BANDIT: ROLLO DE CINTA DE 2M MATERIAL: METÁLICA UTILIZADA PARA FIJACIÓN Y SUJECIÓN EN INSTALACIONES. RESISTENCIA: ALTA. GARANTÍA: POR DEFECTO DE FÁBRICA 60 MESES | C26: UND | D26: 1 | E26: =+'APU CAP. I'!G753 -> 18830 | F26: =+D26*E26 -> 18830
A27: 1.17 | B27: SUMINISTRO E INSTALACION DE HEBILLA CINTA BANDIT: MATERIAL: ACERO INOXIDABLE DE ALTA RESISTENCIA COMPATIBLE CON CINTA BANDIT DE 2M. GARANTÍA: POR DEFECTO DE FÁBRICA 12 MESES | C27: UND | D27: 2 | E27: =+'APU CAP. I'!G800 -> 2409.49 | F27: =+D27*E27 -> 4818.98
A28: 1.18 | B28: SUMINISTRO E INSTALACION DE SWITCH POE O DISPOSITIVO DE RED PARA CONEXIÓN DE HASTA 8 EQUIPOS (CÁMARAS IP, TELÉFONOS, PUNTOS DE ACCESO, ETC) A UNA RED LOCAL Y SUMINISTRO DE ENERGÍA A TRAVÉS DE CABLE ETHERNET (DATOS Y POTENCIA COMBINADOS) CAPACIDAD DE ALIMENTACIÓN POE TOTAL MÍNIMA DE 110 W, CON SUMINISTRO DE HASTA 90 W EN EL PUERTO 1 Y HASTA 30 W POR CADA UNO DE LOS PUERTOS 2–8. GARANTÍA: POR DEFECTO DE FÁBRICA 12 MESES | C28: UND | D28: 2 | E28: =+'APU CAP. I'!G847 -> 630768.46 | F28: =+D28*E28 -> 1261536.9
A29: 1.19 | B29: SUMINISTRO E INSTALACION DE TARJETA PRINCIPAL DE 8 ZONAS: PANEL DE CONTROL CAPACIDAD DE EXPANSIÓN: 8 ZONAS BASE EXPANDIBLES MEDIANTE MODULOS DE EXPANSIÓN, PERMITIENDO LA CONEXIÓN Y SUPERVISIÓN DE SENSORES DEL SISTEMA DE ALARMA. PARTICIONES: PERMITE DIVIDIR EL SISTEMA EN ÁREAS INDEPENDIENTES PARA OPERACIÓN Y MONITOREO SEPARADO. MEMORIA DE EVENTOS: ALMACENA EL HISTORIAL DE EVENTOS DEL SISTEMA, INCLUYENDO ALARMAS, FALLAS, ACTIVACIONES, DESACTIVACIONES Y REGISTROS DE USUARIO. COMUNICACIÓN INTEGRADA: SOPORTE PARA CONEXIÓN A SISTEMA DE ALARMA. GARANTÍA: POR DEFECTO DE FÁBRICA 12 MESES | C29: UND | D29: 1 | E29: =+'APU CAP. I'!G894 -> 1479691.8 | F29: =+D29*E29 -> 1479691.8
A30: 1.20 | B30: SUMINISTRO E INSTALACION DE TECLADO LCD: DISPOSITIVO DE INTERFAZ CON PANTALLA LCD TECLADO ALFANUMERICO, COMPATIBLE CON PANEL DE ALARMA 8 ZONAS, ALAMBRICO. GARANTÍA: POR DEFECTO DE FÁBRICA 12 MESES | C30: UND | D30: 1 | E30: =+'APU CAP. I'!G941 -> 1093983.9 | F30: =+D30*E30 -> 1093983.9
A31: 1.21 | B31: SUMINISTRO E INSTALACION DE SIRENA DE ALARMA DE 20 W DISEÑADA PARA SISTEMAS DE SEGURIDAD ELECTRÓNICA, CON ALTA POTENCIA ACÚSTICA PARA SEÑALIZACIÓN DE INTRUSIÓN O EMERGENCIA. OPERA TÍPICAMENTE A BAJO VOLTAJE (12 V DC), INCORPORA TRANSDUCTOR PIEZOELÉCTRICO O ELECTROMECÁNICO DE ALTA EFICIENCIA, CARCASA RESISTENTE PARA USO INTERIOR/EXTERIOR Y CAPACIDAD DE EMISIÓN SONORA SUPERIOR A 110 DB PARA COBERTURA EN AMPLIAS ÁREAS. GARANTÍA: POR DEFECTO DE FÁBRICA 12 MESES | C31: UND | D31: 1 | E31: =+'APU CAP. I'!G988 -> 207857.36 | F31: =+D31*E31 -> 207857.36
A32: 1.22 | B32: SUMINISTRO E INSTALACION DE BATERIA 12V 7.5AMP: FUENTE DE RESPALDO RECARGABLE QUE GARANTIZA EL FUNCIONAMIENTO DEL SISTEMA EN CASO DE FALLA ELÉCTRICA. GARANTÍA: POR DEFECTO DE FÁBRICA 6 MESES | C32: UND | D32: 1 | E32: =+'APU CAP. I'!G1035 -> 97906.41 | F32: =+D32*E32 -> 97906.41
A33: 1.23 | B33: SUMINISTRO E INSTALACION DE TRANSFORMADOR FUENTE PARA ALARMA. VOLTAJE: DE 16V, COMPATIBLE CON CÁMARAS IP. GARANTÍA: POR DEFECTO DE FÁBRICA 12 MESES | C33: UND | D33: 1 | E33: =+'APU CAP. I'!G1082 -> 46153.08 | F33: =+D33*E33 -> 46153.08
A34: 1.24 | B34: SUMINISTRO E INSTALACION DE CONTACTO MAGNETICO LIVIANO: SENSOR DE APERTURA PARA PUERTAS O VENTANAS, CARCASA: TIPO LIVIANA. DISTANCIA DE ACTUACIÓN: RANGO DE DETECCIÓN DE 15 A 30 MM. GARANTÍA: POR DEFECTO DE FÁBRICA 12 MESES | C34: UND | D34: 1 | E34: =+'APU CAP. I'!G1129 -> 222776.67 | F34: =+D34*E34 -> 222776.67
A35: 1.25 | B35: SUMINISTRO E INSTALACION DE SENSOR DE MOVIMIENTO PARA DETECTAR PRESENCIA O DESPLAZAMIENTO DE PERSONAS U OBJETOS, CON INFRARROJO PASIVO (PIR), MICROONDAS, ULTRASONIDO Y SISTEMAS DUALES; ÁNGULO DE DETECCIÓN ENTRE 90° Y 180° Y DISTANCIA DE ALCANCE DE 5 A 12 METROS; VOLTAJES 5V, 12V O 110/220V. GARANTÍA: POR DEFECTO DE FÁBRICA 12 MESES | C35: UND | D35: 3 | E35: =+'APU CAP. I'!G1176 -> 92306.92 | F35: =+D35*E35 -> 276920.76
A36: 1.26 | B36: SUMINISTRO E INSTALACION DE CONTACTO MAGNETICO PESADO PARA PUERTAS TIPO CORTINA DISPOSITIVO DE SEGURIDAD DISEÑADO PARA LA DETECCIÓN DE APERTURA EN PUERTAS ENROLLABLES O TIPO CORTINA METÁLICA, COMPUESTO POR UN INTERRUPTOR MAGNÉTICO Y UN IMÁN DE ALTA RESISTENCIA; MATERIAL ROBUSTO TIPO INDUSTRIAL. GARANTÍA: POR DEFECTO DE FÁBRICA 12 MESES | C36: UND | D36: 1 | E36: =+'APU CAP. I'!G1223 -> 115409.49 | F36: =+D36*E36 -> 115409.49
A37: 1.27 | B37: SUMINISTRO E INSTALACION DE CONDUCTOR DE RED DE ALTO RENDIMIENTO (CABLE UTP). CATEGORÍA 5 PARA REDES DE ALTA VELOCIDAD. MATERIAL: 100% COBRE. CERTIFICADO INTERIOR. CALIBRE: 4P ESTÁNDAR DE 8 HILOS 0.53MM. REVESTIMIENTO EXTERIOR EN CHAQUETA PVC. GARANTÍA: POR DEFECTO DE FÁBRICA 12 MESES | C37: ML | D37: 305 | E37: =+'APU CAP. I'!G1270 -> 1730.51 | F37: =+D37*E37 -> 527805.55
A38: 1.28 | B38: CONTROL DE ACCESO CON MÉTODOS DE AUTENTICACIÓN (RECONOCIMIENTO FACIAL) INCLUYE: SISTEMA ELÉCTRICO, ELECTROIMÁN, CABLE, BOTÓN NO TOUCH DE SALIDA, CONTROL DE ACCESO CON BITÁCORA, FUENTE DE VOLTAJE REGULADA E INSTALACIÓN. GARANTÍA: POR DEFECTO DE FÁBRICA 12 MESES | C38: UND | D38: 1 | E38: 14204773 | F38: =+D38*E38 -> 14204773
C40: COSTOS DIRECTOS | F40: =SUM(F11:F38) -> 36853720
C41: ADMINISTRACION (24%) | F41: =ROUND(F40*0.25,0) -> 9213430
C42: IMPREVISTOS (1%) | F42: =ROUND(F40*0.01,0) -> 368537
C43: UTILIDADES (5%) | F43: =ROUND(F40*0.04,0) -> 1474149
C44: COSTOS INDIRECTOS | F44: =+F41+F42+F43 -> 11056116
C45: CAPACITACIÓN DEL USO DEL SISTEMA | F45: 670000
C46: COSTOS DIRECTOS + COSTO INDIRECTO | F46: =+F40+F44+F45 -> 48579836
C48: COSTO TOTAL OBRA CIVIL | F48: =+F46 -> 48579836 | H48: 48579836 | I48: =+F48-H48 -> 0

Sheet AUI
A1: DESGLOSE DEL AIU
A2: =+PRESUPUESTO!A1 -> ADQUISICIÓN E INSTALACIÓN DE CIRCUITO INTEGRADO DE VIGILANCIA PARA BODEGA QUE CUSTODIA MERCANCÍA APREHENDIDA POR EL GRUPO ANTICONTRABANDO DEL DEPARTAMENTO DE CÓRDOBA
A4: =+PRESUPUESTO!A5 -> DEPARTAMENTO DE CORDODA
A6: =+PRESUPUESTO!A7 -> MAYO 2026
A8: ITEM | B8: DESCRIPCION | C8: UN | D8: CANT | E8: % DE PARTICIPACIÓN | F8: PRESTACIONES SOCIALES | G8: VR. UNITARIO | H8: VALOR PARCIAL | J8: =+J26 -> 0
A9: 1 | B9: PERSONAL DE OBRA
A10: 1.1 | B10: ingeniero de telecomunicaciones | C10: Mes | D10: 1 | E10: 1 | F10: =+'FACTOR PRESTASIONAL'!C56 -> 1.75 | G10: 1750905 | H10: =+F10*G10*E10 -> 3064083.8
A11: TOTAL PERSONAL DE OBRA | H11: =SUM(H10:H10) -> 3064083.8
A12: 3 | B12: CAMPAMENTO Y GASTOS DE OFICINA
A13: 3.5 | B13: Presentacion de Informes y papelería en general | C13: =+C10 -> Mes | D13: =+D10 -> 1 | G13: 252751.05 | H13: =+G13 -> 252751.05
A14: TOTAL CAMPAMENTO Y GASTOS DE OFICINA | H14: =SUM(H13:H13) -> 252751.05
A15: 3 | B15: COSTOS DE LEGALIZACIÓN
A16: =+A15+0.1 -> 3.1 | B16: Pólizas. | C16: % | D16: 0.005 | G16: =+PRESUPUESTO!F40 -> 36853720 | H16: =+D16*G16 -> 184268.6
A17: =+A16+0.1 -> 3.2 | B17: Fondo de seguridad | C17: % | D17: 0.05 | G17: =+G16 -> 36853720 | H17: =+D17*G17 -> 1842686
A18: =+A17+0.1 -> 3.3 | B18: Estampilla ProDesarrollo | C18: % | D18: 0.02 | G18: =+G17 -> 36853720 | H18: =+D18*G18 -> 737074.4
A19: =+A18+0.1 -> 3.4 | B19: Estampilla ProCultura | C19: % | D19: 0.005 | G19: =+G18 -> 36853720 | H19: =+D19*G19 -> 184268.6
A20: =+A19+0.1 -> 3.5 | B20: Estampilla Proancianato | C20: % | D20: 0.03 | G20: =+G19 -> 36853720 | H20: =+D20*G20 -> 1105611.6
A21: =+A20+0.1 -> 3.6 | B21: Estampilla Prouniversidad | C21: % | D21: 0.02 | G21: =+G20 -> 36853720 | H21: =+D21*G21 -> 737074.4
A22: =+A21+0.1 -> 3.7 | B22: Tasa Pro deporte | C22: % | D22: 0.025 | G22: =+G21 -> 36853720 | H22: =+D22*G22 -> 921343
A23: =+A22+0.1 -> 3.8 | B23: impuesto de tiembre | C23: % | D23: 0.005 | G23: =+G22 -> 36853720 | H23: =+D23*G23 -> 184268.6
A24: TOTAL COSTOS DE LEGALIZACIÓN | H24: =SUM(H16:H23) -> 5896595.2
A26: 1 | B26: ADMINISTRACIÓN. | G26: 0.25 | H26: =+H11+H14+H24 -> 9213430 | I26: =+PRESUPUESTO!F41 -> 9213430 | J26: =+H26-I26 -> 0
A28: 2 | B28: IMPREVISTOS | G28: 0.01 | H28: =+PRESUPUESTO!F42 -> 368537 | I28: =+PRESUPUESTO!F42 -> 368537
A30: 3 | B30: UTILIDAD | G30: 0.04 | H30: =+PRESUPUESTO!F43 -> 1474149 | I30: =+PRESUPUESTO!F43 -> 1474149
A32: TOTAL A.U.I. | G32: =+G30+G28+G26 -> 0.3 | H32: =+H26+H28+H30 -> 11056116 | I32: =+PRESUPUESTO!F44 -> 11056116 | J32: =+I32-H32 -> 0

Sheet FACTOR PRESTASIONAL
A1: =+PRESUPUESTO!A1 -> ADQUISICIÓN E INSTALACIÓN DE CIRCUITO INTEGRADO DE VIGILANCIA PARA BODEGA QUE CUSTODIA MERCANCÍA APREHENDIDA POR EL GRUPO ANTICONTRABANDO DEL DEPARTAMENTO DE CÓRDOBA
A4: FACTOR PRESTACIONAL
A5: COSTO DE PRESTACIONES SOCIALES Y APORTES EMPLEADOS MAS DE 2 S.M.L.
A6: ÍTEM | B6: DESCRIPCIÓN | C6: VALOR (%)
A7: 1 | B7: SALARIOS.
A8: 1.1 | B8: Salarios. | C8: 1
A9: SUBTOTAL | C9: =+C8 -> 1
A11: ÍTEM | B11: DESCRIPCIÓN | C11: VALOR (%)
A12: 2 | B12: PRESTACIONES SOCIALES.
A13: 2.1 | B13: Cesantías. | C13: 0.0833
A14: 2.2 | B14: Intereses sobre las cesantías. | C14: 0.01
A15: 2.3 | B15: Prima de Servicios. | C15: 0.0833
A16: 2.4 | B16: Vacaciones. | C16: 0.0417
A17: 2.5 | B17: Salud. | C17: 0.085
A18: 2.6 | B18: Pensión. | C18: 0.12
A19: 2.7 | B19: ARL. | C19: 0.0696
B20: SUBTOTAL | C20: =SUM(C13:C19) -> 0.4929
A22: 2.8 | B22: SENA. | C22: 0.02
A23: 2.9 | B23: ICBF. | C23: 0.03
A24: 2.10 | B24: Cajas de Compensación. | C24: 0.04
A25: 2.11 | B25: Dotacion | C25: 0.02
B26: SUBTOTAL | C26: =SUM(C22:C25) -> 0.11
A27: SUBTOTAL | C27: =C26+C20 -> 0.6029
A30: TOTAL FACTOR MULTIPLICADOR | C30: =+C9+C27 -> 1.6029
A31: COSTO DE PRESTACIONES SOCIALES Y APORTES EMPLEADOS MENOS DE 2 S.M.L.
A32: ÍTEM | B32: DESCRIPCIÓN | C32: VALOR (%)
A33: 1 | B33: SALARIOS.
A34: 1.1 | B34: Salarios. | C34: 1
A35: SUBTOTAL | C35: =+C34 -> 1
A37: ÍTEM | B37: DESCRIPCIÓN | C37: VALOR (%)
A38: 2 | B38: PRESTACIONES SOCIALES.
A39: 2.1 | B39: Cesantías. | C39: 0.0833
A40: 2.2 | B40: Subsisdio de Transporte | C40: 0.1172
A41: 2.3 | B41: Intereses sobre las cesantías. | C41: 0.01
A42: 2.4 | B42: Prima de Servicios. | C42: 0.0833
A43: 2.5 | B43: Vacaciones. | C43: 0.0416
A44: 2.6 | B44: Salud. | C44: 0.085
A45: 2.7 | B45: Pensión. | C45: 0.12
A46: 2.8 | B46: ARL. | C46: 0.0696
B47: SUBTOTAL | C47: =SUM(C39:C46) -> 0.61
A49: 2.8 | B49: SENA. | C49: 0.02
A50: 2.9 | B50: ICBF. | C50: 0.03
A51: 2.10 | B51: Cajas de Compensación. | C51: 0.04
A52: 2.12 | B52: Dotación. | C52: 0.05
B53: SUBTOTAL | C53: =SUM(C49:C52) -> 0.14
A54: SUBTOTAL | C54: =C53+C47 -> 0.75
A56: TOTAL FACTOR MULTIPLICADOR | C56: =+C54+C35 -> 1.75

Sheet APU CAP. I
B2: PROYECTO: | C2: =+PRESUPUESTO!A1 -> ADQUISICIÓN E INSTALACIÓN DE CIRCUITO INTEGRADO DE VIGILANCIA PARA BODEGA QUE CUSTODIA MERCANCÍA APREHENDIDA POR EL GRUPO ANTICONTRABANDO DEL DEPARTAMENTO DE CÓRDOBA
B3: CONTRATANTE: | C3: =+PRESUPUESTO!A5 -> DEPARTAMENTO DE CORDODA
B4: FECHA: | C4: =+PRESUPUESTO!A7 -> MAYO 2026
B6: ANÁLISIS DE PRECIO UNITARIO
B7: =+PRESUPUESTO!B11 -> SUMINISTRO E INSTALACION DE GRABADOR DE VIDEO EN RED (NVR) DE 16 CANALES. COMPRESIÓN: H265. CAPACIDAD DE DECODIFICACIÓN: 1 CANAL EN RESOLUCIÓN 4K O 4 CANALES EN 4MP SIMULTÁNEAMENTE. ANCHO DE BANDA: 80 MBPS. ALMACENTAMIENTO: 1 SATA. CON SALIDA HDMI; SOPORTA 16 CÁMARAS SIMULTÁNEAS A 4 MP CON GRABACIÓN CONTINUA. TIEMPO MÍNIMO DE ALMACENAMIENTO: 20 DÍAS EN GRABACIÓN CONTINUA. COMPATIBLE CON TODOS LOS PROTOCOLOS. SOPORTE MONITOREO Y BUSQUEDA EN TIEMPO REAL POR APP MÓVIL. GARANTÍA: POR DEFECTO DE FÁBRICA 12 MESES | H7: IMPRESO
B9: ITEM: | C9: =+PRESUPUESTO!A11 -> 1.1
B10: UNIDAD: | C10: =+PRESUPUESTO!C11 -> UND
B12: EQUIPOS
B13: DESCRIPCIÓN | D13: UNIDAD | E13: TARIFA/HORA | F13: RENDIMIENTO | G13: VALOR UNITARIO
H14: =1750*1.09 -> 1907.5 | I14: 30000 | J14: =+I14*1.09 -> 32700
H15: =3300*1.09 -> 3597
H16: =+H15*60 -> 215820
B18: HERRAMIENTA MENOR (10% MO) | D18: % | E18: =+G46 -> 630069 | F18: 10 | G18: =IFERROR(ROUND(E18/F18,0)," ") -> 63007
F19: Subtotal | G19: =SUM(G14:G18) -> 63007
B21: MATERIALES
B22: DESCRIPCIÓN | D22: UNIDAD | E22: PRECIO UNITARIO | F22: CANTIDAD | G22: VALOR UNITARIO
B23: GRABADOR DE VIDEO EN RED (NVR) DE 16 CANALES | D23: =IFERROR(VLOOKUP(B23,INSUMOS!$B$8:$D$453,2,FALSE)," ") -> UND | E23: =IFERROR(VLOOKUP(B23,INSUMOS!$B$8:$D$453,3,FALSE)," ") -> 780000 | F23: 1 | G23: =IFERROR(ROUND(E23*F23,0)," ") -> 780000 | H23: 1200 | I23: 0.2
H24: 6000 | I24: 0.05
H25: 18000 | I25: 0.01
H26: 8000 | I26: 0.02
F28: Subtotal | G28: =SUM(G23:G27) -> 780000
B30: TRANSPORTE
B31: DESCRIPCIÓN | D31: UNIDAD | E31: TARIFA/HORA | F31: RENDIMIENTO | G31: VALOR UNITARIO
B32: ENVIO BOGOTA - MONTERIA | D32: VIAJE | E32: 50000 | F32: 1 | G32: =+E32 -> 50000
F37: Subtotal | G37: =SUM(G32:G36) -> 50000
B39: MANO DE OBRA
B40: DESCRIPCIÓN | C40: JORNAL | D40: PRESTACIONES | E40: JORNAL TOTAL | F40: RENDIMIENTO | G40: VALOR UNITARIO
B41: TECNICO DE TELECOMUNICACIONES | C41: =IFERROR(VLOOKUP(B41,'MANO DE OBRA'!$B$12:$F$211,5,FALSE)," ") -> 116727 | D41: 1.75 | E41: =IFERROR(C41*D41," ") -> 204272.25 | F41: 0.56735996 | G41: =IFERROR(ROUND(E41/F41,0)," ") -> 360040 | H41: =135*1.09 -> 147.15
B42: AYUDANTE TELECOMUNICACIONES | C42: =IFERROR(VLOOKUP(B42,'MANO DE OBRA'!$B$12:$F$211,5,FALSE)," ") -> 87545 | D42: 1.75 | E42: =IFERROR(C42*D42," ") -> 153203.75 | F42: =+F41 -> 0.56735996 | G42: =IFERROR(ROUND(E42/F42,0)," ") -> 270029
F46: Subtotal | G46: =SUM(G41:G45) -> 630069
E48: SUBTOTAL COSTO DIRECTO | G48: =ROUND(+G46+G28+G19+G37,0) -> 1523076 | H48: =+PRESUPUESTO!E11 -> 1523076 | I48: =+G48-H48 -> 0
B50: XXXXXXXXX
B51: XXXXXXXXXX
B52: XXXXXXXXXXX
B53: ANÁLISIS DE PRECIO UNITARIO
B54: =+PRESUPUESTO!B12 -> SUMINISTRO E INSTALACION DE DISPOSITIVO DE VIGILANCIA (CÁMARA IP) DE ALTA RESOLUCIÓN: 4 MEGAPIXELES. TECNOLOGÍA SMART DUAL LIGHT. LENTE: FIJO DE 2.8MM. CON LUZ VISIBLE, RESISTENTENCIA: IP67, IMPERMEABLE Y RESISTENTE AL POLVO. ESTUCTURA: SEMIMETÁLICA. RESOLUCIÓN MÍNIMA EFECTIVA, VISIÓN NOCTURNA, DISTANCIA IR/LUZ BLANCA INFRAROJA A TOTAL OSCURIDAD, DISTANCIA IR/LUZ BLANCA. 20 MTS. GARANTÍA: POR DEFECTO DE FÁBRICA 12 MESES | H54: IMPRESO
B56: ITEM: | C56: =+PRESUPUESTO!A12 -> 1.2
B57: UNIDAD: | C57: =+PRESUPUESTO!C12 -> UND
B59: EQUIPOS
B60: DESCRIPCIÓN | D60: UNIDAD | E60: TARIFA/HORA | F60: RENDIMIENTO | G60: VALOR UNITARIO
B61: ESCALERA DESPLEGLABLE | D61: =IFERROR(VLOOKUP(B61,MAQUINARIA!$B$6:$D$578,2,FALSE)," ") -> DIA | E61: =IFERROR(VLOOKUP(B61,MAQUINARIA!$B$6:$D$578,3,FALSE)," ") -> 5000 | F61: 2 | G61: =IFERROR(ROUND(E61/F61,0)," ") -> 2500 | H61: =1750*1.09 -> 1907.5 | I61: 30000 | J61: =+I61*1.09 -> 32700
H62: =3300*1.09 -> 3597
H63: =+H62*60 -> 215820
B65: HERRAMIENTA MENOR (10% MO) | D65: % | E65: =+G93 -> 42723.389 | F65: 10 | G65: =IFERROR(ROUND(E65/F65,0)," ") -> 4272
F66: Subtotal | G66: =SUM(G61:G65) -> 6772
B68: MATERIALES
B69: DESCRIPCIÓN | D69: UNIDAD | E69: PRECIO UNITARIO | F69: CANTIDAD | G69: VALOR UNITARIO
B70: Cámara 4 MP alta resolucion | D70: =IFERROR(VLOOKUP(B70,INSUMOS!$B$8:$D$453,2,FALSE)," ") -> UND | E70: =IFERROR(VLOOKUP(B70,INSUMOS!$B$8:$D$453,3,FALSE)," ") -> 434350 | F70: 1 | G70: =IFERROR(ROUND(E70*F70,0)," ") -> 434350 | H70: 1200 | I70: 0.2
H71: 6000 | I71: 0.05
H72: 18000 | I72: 0.01
H73: 8000 | I73: 0.02
F75: Subtotal | G75: =SUM(G70:G74) -> 434350
B77: TRANSPORTE
B78: DESCRIPCIÓN | D78: UNIDAD | E78: TARIFA/HORA | F78: RENDIMIENTO | G78: VALOR UNITARIO
B79: ENVIO BOGOTA - MONTERIA | D79: VIAJE | E79: 20000 | F79: 1 | G79: =+E79 -> 20000
F84: Subtotal | G84: =SUM(G79:G83) -> 20000
B86: MANO DE OBRA
B87: DESCRIPCIÓN | C87: JORNAL | D87: PRESTACIONES | E87: JORNAL TOTAL | F87: RENDIMIENTO | G87: VALOR UNITARIO
B88: TECNICO DE TELECOMUNICACIONES | C88: =IFERROR(VLOOKUP(B88,'MANO DE OBRA'!$B$12:$F$211,5,FALSE)," ") -> 116727 | D88: 1.75 | E88: =IFERROR(C88*D88," ") -> 204272.25 | F88: 8.3672201 | G88: =+E88/F88 -> 24413.395 | H88: =135*1.09 -> 147.15
B89: AYUDANTE TELECOMUNICACIONES | C89: =IFERROR(VLOOKUP(B89,'MANO DE OBRA'!$B$12:$F$211,5,FALSE)," ") -> 87545 | D89: 1.75 | E89: =IFERROR(C89*D89," ") -> 153203.75 | F89: =+F88 -> 8.3672201 | G89: =+E89/F89 -> 18309.994
F93: Subtotal | G93: =SUM(G88:G92) -> 42723.389
E95: SUBTOTAL COSTO DIRECTO | G95: =ROUND(+G93+G75+G66+G84,2) -> 503845.39 | H95: =+PRESUPUESTO!E12 -> 503845.39 | I95: =+G95-H95 -> 0
B97: XXXXXXXXX
B98: XXXXXXXXXX
B99: XXXXXXXXXXX
B100: ANÁLISIS DE PRECIO UNITARIO
B101: =+PRESUPUESTO!B13 -> SUMINISTRO E INSTALACION DE CONDUCTOR DE RED DE ALTO RENDIMIENTO (CABLE UTP). CATEGORÍA 6 PARA REDES DE ALTA VELOCIDAD. MATERIAL: 100% COBRE. CALIBRE: 4P ESTÁNDAR DE 8 HILOS, 0,53 MM. REVESTIMIENTO EXTERIOR EN CHAQUETA PVC. GARANTÍA: POR DEFECTO DE FABRICA 60 MESES | H101: IMPRESO
B103: ITEM: | C103: =+PRESUPUESTO!A13 -> 1.3
B104: UNIDAD: | C104: =+PRESUPUESTO!C13 -> ML
B106: EQUIPOS
B107: DESCRIPCIÓN | D107: UNIDAD | E107: TARIFA/HORA | F107: RENDIMIENTO | G107: VALOR UNITARIO
B108: ESCALERA DESPLEGLABLE | D108: =IFERROR(VLOOKUP(B108,MAQUINARIA!$B$6:$D$578,2,FALSE)," ") -> DIA | E108: =IFERROR(VLOOKUP(B108,MAQUINARIA!$B$6:$D$578,3,FALSE)," ") -> 5000 | F108: 50 | G108: =IFERROR(ROUND(E108/F108,0)," ") -> 100 | H108: =1750*1.09 -> 1907.5 | I108: 30000 | J108: =+I108*1.09 -> 32700
H109: =3300*1.09 -> 3597
H110: =+H109*60 -> 215820
B112: HERRAMIENTA MENOR (10% MO) | D112: % | E112: =+G140 -> 153.966 | F112: 10 | G112: =IFERROR(ROUND(E112/F112,0)," ") -> 15
F113: Subtotal | G113: =SUM(G108:G112) -> 115
B115: MATERIALES
B116: DESCRIPCIÓN | D116: UNIDAD | E116: PRECIO UNITARIO | F116: CANTIDAD | G116: VALOR UNITARIO
B117: cable UTP Categoría 6 100% Cobre | D117: =IFERROR(VLOOKUP(B117,INSUMOS!$B$8:$D$453,2,FALSE)," ") -> ML | E117: =IFERROR(VLOOKUP(B117,INSUMOS!$B$8:$D$453,3,FALSE)," ") -> 2000 | F117: 1 | G117: =IFERROR(ROUND(E117*F117,0)," ") -> 2000 | H117: 1200 | I117: 0.2
H118: 6000 | I118: 0.05
H119: 18000 | I119: 0.01
H120: 8000 | I120: 0.02
F122: Subtotal | G122: =SUM(G117:G121) -> 2000
B124: TRANSPORTE
B125: DESCRIPCIÓN | D125: UNIDAD | E125: TARIFA/HORA | F125: RENDIMIENTO | G125: VALOR UNITARIO
F131: Subtotal | G131: =SUM(G126:G130) -> 0
B133: MANO DE OBRA
B134: DESCRIPCIÓN | C134: JORNAL | D134: PRESTACIONES | E134: JORNAL TOTAL | F134: RENDIMIENTO | G134: VALOR UNITARIO
B135: TECNICO DE TELECOMUNICACIONES | C135: =IFERROR(VLOOKUP(B135,'MANO DE OBRA'!$B$12:$F$211,5,FALSE)," ") -> 116727 | D135: 1.75 | E135: =IFERROR(C135*D135," ") -> 204272.25 | F135: 2321.7853 | G135: =+E135/F135 -> 87.980679 | H135: =135*1.09 -> 147.15
B136: AYUDANTE TELECOMUNICACIONES | C136: =IFERROR(VLOOKUP(B136,'MANO DE OBRA'!$B$12:$F$211,5,FALSE)," ") -> 87545 | D136: 1.75 | E136: =IFERROR(C136*D136," ") -> 153203.75 | F136: =+F135 -> 2321.7853 | G136: =+E136/F136 -> 65.985321
F140: Subtotal | G140: =SUM(G135:G139) -> 153.966
E142: SUBTOTAL COSTO DIRECTO | G142: =ROUND(+G140+G122+G113+G131,2) -> 2268.97 | H142: 2268.97 | I142: =+G142-H142 -> 0
B144: XXXXXXXXX
B145: XXXXXXXXXX
B146: XXXXXXXXXXX
B147: ANÁLISIS DE PRECIO UNITARIO
B148: =+PRESUPUESTO!B14 -> SUMINISTRO E INSTALACION DE DISCO DURO/UNIDAD DE ALMACENAMIENTO DE 3.5 PULGADAS. CON SISTEMA DE VIDEOVIGILANCIA CONTINUA 24/7. CAPACIDAD DE ALMACENAMIENTO: 4 TERABYTES. TIEMPO MINIMO DE ALMACENAMIENTO: 20 DIAS.GARANTÍA: POR DEFECTO DE FÁBRICA 12 MESES | H148: IMPRESO
B150: ITEM: | C150: =+PRESUPUESTO!A14 -> 1.4
B151: UNIDAD: | C151: =+PRESUPUESTO!C13 -> ML
B153: EQUIPOS
...

Sheet INSUMOS
B5: LISTA DE PRECIOS
B7: INSUMO | C7: UNIDAD | D7: PRECIO
B8: ACERO de 60000 PSI SIN FIGURAR | C8: KG | D8: 7175
B9: ACERO Fy= 420 MPA PARA CANASTILLA | C9: KG | D9: 8000
B10: GRABADOR DE VIDEO EN RED (NVR) DE 16 CANALES | C10: UND | D10: 780000
B11: Cámara 4 MP alta resolucion | C11: UND | D11: =365000*1.19 -> 434350
B12: cable UTP Categoría 6 100% Cobre | C12: ML | D12: 2000
B13: DISCO DURO/UNIDAD DE ALMACENAMIENTO DE 3.5 PULGADAS | C13: UND | D13: 480000
B14: Conector Por 100/u Rj45 Cat6 | C14: UND | D14: =40000/100 -> 400
B15: GABINETE PARED 60 X 50 X 11U | C15: UND | D15: 720000
B16: Caja Hermética 10X10 | C16: UND | D16: 5000
B17: Caja de Paso Metálica 30x30x10 CM | C17: UND | D17: 78000
B18: Tubo EMT UL 1/2-pulg | C18: UND | D18: 17000
B19: Unión De Acero Para Tubo Emt 1/2-Pulg | C19: UND | D19: 1800
B20: Tubo EMT UL 3/4-pulg | C20: UND | D20: 27000
B21: Unión De Acero Para Tubo Emt 3/4-Pulg | C21: UND | D21: 2500
B22: Canaleta De Superficie Blanca, 40X25 | C22: UND | D22: 36000
B23: Tubo Conduit Sch40 1/2 X 3M | C23: UND | D23: 8000
B24: Tubo Conduit Sch40 3/4 X 3M | C24: UND | D24: 13000
B25: Cable Encauchetado 3 x 12 AWG Cobre HFFR Libre Halogenos | C25: ML | D25: 14500
B26: Toma Doble 15 AMP 125 V Polo a Tierra | C26: UND | D26: 5500
... B32: PIR movimiento | C32: UND | D32: 70000
B33: Batería 12V 7Ah | C33: =+C32 -> UND | D33: 55000
B34: Transformador 16VAC | C34: UND | D34: 60000
B35: Panel de alarma con teclado | C35: UND | D35: 880000
B36: SIRENA DE ALARMA DE 20 W | C36: UND | D36: 95000
B37: BATERIA 12V 7.5AMP | C37: UND | D37: 65000
B38: TRANSFORMADOR FUENTE PARA ALARMA. VOLTAJE: DE 16V | C38: UND | D38: 35000
B39: CONTACTO MAGNETICO LIVIANO | C39: UND | D39: 70000
B40: SENSOR DE MOVIMIENTO PARA DETECTAR PRESENCIA O DESPLAZAMIENTO DE PERSONAS | C40: UND | D40: 35000
B41: CONTACTO MAGNETICO PESADO PARA PUERTAS TIPO CORTINA DISPOSITIVO | C41: UND | D41: 85000
B42: cable UTP Categoría 5 | C42: ML | D42: 1500
B43: CONTROL DE ACCESO CON MÉTODOS DE AUTENTICACIÓN | C43: UND | D43: 14000000

Sheet .FM
A1: =+PRESUPUESTO!A1 -> ADQUISICIÓN E INSTALACIÓN DE CIRCUITO INTEGRADO DE VIGILANCIA PARA BODEGA QUE CUSTODIA MERCANCÍA APREHENDIDA POR EL GRUPO ANTICONTRABANDO DEL DEPARTAMENTO DE CÓRDOBA
A4: FACTOR MULTIPLICADOR
A5: COSTO DE PRESTACIONES SOCIALES Y APORTES EMPLEADOS MAS DE 2 S.M.L.
A6: ÍTEM | B6: DESCRIPCIÓN | C6: VALOR (%)
A7: 1 | B7: SALARIOS.
A8: 1.1 | B8: Salarios. | C8: 1
A9: SUBTOTAL | C9: =+C8 -> 1
A11: ÍTEM | B11: DESCRIPCIÓN | C11: VALOR (%)
A12: 2 | B12: PRESTACIONES SOCIALES.
A13: 2.1 | B13: Cesantías. | C13: 0.0833
A14: 2.2 | B14: Intereses sobre las cesantías. | C14: 0.01
A15: 2.3 | B15: Prima de Servicios. | C15: 0.0833
A16: 2.4 | B16: Vacaciones. | C16: 0.0417
A17: 2.5 | B17: Salud. | C17: 0.085
A18: 2.6 | B18: Pensión. | C18: 0.12
A19: 2.7 | B19: ARL. | C19: 0.0696
B20: SUBTOTAL | C20: =SUM(C13:C19) -> 0.4929
A22: 2.8 | B22: SENA. | C22: 0.02
A23: 2.9 | B23: ICBF. | C23: 0.03
A24: 2.10 | B24: Cajas de Compensación. | C24: 0.04
A25: 2.11 | B25: Dotacion | C25: 0.02
B26: SUBTOTAL | C26: =SUM(C22:C25) -> 0.11
A27: SUBTOTAL | C27: =C26+C20 -> 0.6029
A29: ÍTEM | B29: DESCRIPCIÓN | C29: VALOR (%)
A30: 3 | B30: GASTOS GENERALES
A31: =+A30+0.1 -> 3.1 | B31: Arriendo oficina | C31: 0.02
A32: =+A31+0.1 -> 3.2 | B32: Servicios públicos | C32: 0.01
B33: SUBTOTAL | C33: =SUM(C29:C32) -> 0.03
A34: SUBTOTAL | C34: =+C33 -> 0.03
A36: ÍTEM | B36: DESCRIPCIÓN | C36: VALOR (%)
A37: 4 | B37: GASTOS GENERALES Y DE ADMINISTRACIÓN
A38: 4.1 | B38: Personal Administrativo no facturado | C38: 0.01
A39: =+A38+0.1 -> 4.2 | B39: Personal Profesional no facturado | C39: 0.01
A40: =+A39+0.1 -> 4.3 | B40: Equipo de computo, software y utiles de oficina | C40: 0.01
A41: =+A40+0.1 -> 4.4 | B41: Correo y otros | C41: 0.005
B42: SUBTOTAL | C42: =SUM(C38:C41) -> 0.035
A43: SUBTOTAL | C43: =+C42 -> 0.035
A45: ÍTEM | B45: DESCRIPCIÓN | C45: VALOR (%) | E45: 2
A46: 5 | B46: OTROS GASTOS.
A47: =+A46+0.1 -> 5.1 | B47: HONORARIOS | C47: 0.1
A48: SUBTOTAL | C48: =SUM(C47:C47) -> 0.1 | F48: Fondo de Seguridad | G48: % | H48: 0.05
A50: TOTAL FACTOR MULTIPLICADOR | C50: =+C9+C27+C48+C34+C43 -> 1.7679
A51: COSTO DE PRESTACIONES SOCIALES Y APORTES EMPLEADOS MENOS DE 2 S.M.L.
A52: ÍTEM | B52: DESCRIPCIÓN | C52: VALOR (%)
A53: 1 | B53: SALARIOS.
A54: 1.1 | B54: Salarios. | C54: 1
A55: SUBTOTAL | C55: =+C54 -> 1
A57: ÍTEM | B57: DESCRIPCIÓN | C57: VALOR (%)
A58: 2 | B58: PRESTACIONES SOCIALES.
A59: 2.1 | B59: Cesantías. | C59: 0.0833
A60: 2.2 | B60: Subsisdio de Transporte | C60: 0.1172
A61: 2.3 | B61: Intereses sobre las cesantías. | C61: 0.01
A62: 2.4 | B62: Prima de Servicios. | C62: 0.0833
A63: 2.5 | B63: Vacaciones. | C63: 0.0416
A64: 2.6 | B64: Salud. | C64: 0.085
A65: 2.7 | B65: Pensión. | C65: 0.12
A66: 2.8 | B66: ARL. | C66: 0.0696
B67: SUBTOTAL | C67: =SUM(C59:C66) -> 0.61
A69: 2.8 | B69: SENA. | C69: 0.02
A70: 2.9 | B70: ICBF. | C70: 0.03
A71: 2.10 | B71: Cajas de Compensación. | C71: 0.04
A72: 2.12 | B72: Dotación. | C72: 0.05
B73: SUBTOTAL | C73: =SUM(C69:C72) -> 0.14
A74: SUBTOTAL | C74: =C73+C67 -> 0.75
A76: ÍTEM | B76: DESCRIPCIÓN | C76: VALOR (%)
A77: 3 | B77: GASTOS GENERALES
A78: =+A77+0.1 -> 3.1 | B78: Arriendo oficina | C78: 0.02
A79: =+A78+0.1 -> 3.2 | B79: Servicios públicos | C79: 0.01
B80: SUBTOTAL | C80: =SUM(C76:C79) -> 0.03
A81: SUBTOTAL | C81: =+C80 -> 0.03
A83: ÍTEM | B83: DESCRIPCIÓN | C83: VALOR (%)
A84: 4 | B84: GASTOS GENERALES Y DE ADMINISTRACIÓN
A85: 4.1 | B85: Personal Administrativo no facturado | C85: 0.01
A86: =+A85+0.1 -> 4.2 | B86: Personal Profesional no facturado | C86: 0.01
A87: =+A86+0.1 -> 4.3 | B87: Equipo de computo, software y utiles de oficina | C87: 0.01
A88: =+A87+0.1 -> 4.4 | B88: Correo y otros | C88: 0.005
B89: SUBTOTAL | C89: =SUM(C85:C88) -> 0.035
A90: SUBTOTAL | C90: =+C89 -> 0.035
A92: ÍTEM | B92: DESCRIPCIÓN | C92: VALOR (%)
A93: 3 | B93: OTROS GASTOS.
A94: =+A47 -> 5.1 | B94: =+B47 -> HONORARIOS | C94: =+C47 -> 0.1
A95: SUBTOTAL | C95: =SUM(C94:C94) -> 0.1
A97: TOTAL FACTOR MULTIPLICADOR | C97: =+C95+C74+C55+C81+C90 -> 1.915
B101: CARMEN ANA MERCADO PEREZ
B102: Secretario De Planeación
B103: COROZAL – SUCRE

Sheet AUI 
A1: DESGLOSE DEL AIU
A2: =+PRESUPUESTO!$A$1 -> ADQUISICIÓN E INSTALACIÓN DE CIRCUITO INTEGRADO DE VIGILANCIA PARA BODEGA QUE CUSTODIA MERCANCÍA APREHENDIDA POR EL GRUPO ANTICONTRABANDO DEL DEPARTAMENTO DE CÓRDOBA
A4: =+PRESUPUESTO!$A$5 -> DEPARTAMENTO DE CORDODA
A6: =+PRESUPUESTO!$A$7 -> MAYO 2026
A8: ITEM | B8: DESCRIPCION | C8: UN | D8: CANT | E8: % DE PARTICIPACIÓN | F8: PRESTACIONES SOCIALES | G8: VR. UNITARIO | H8: VALOR PARCIAL
A9: 1 | B9: PERSONAL DE OBRA
A10: 1.1 | B10: Ingeniero Director de Obra | C10: Mes | D10: 2 | E10: 0.5 | F10: 1.6029 | G10: 6000000 | H10: =+D10*E10*F10*G10 -> 9617400
A11: =+A10+0.1 -> #VALUE! | B11: Ingeniero Residente de obra. | C11: Mes | D11: 2 | E11: 1 | F11: =+F10 -> 1.6029 | G11: 4500000 | H11: =+D11*E11*F11*G11 -> 14426100
A12: =+A11+0.1 -> #VALUE! | B12: Profesional SISO | C12: Mes | D12: 2 | E12: 1 | F12: 1.75 | G12: 2500000 | H12: =+D12*E12*F12*G12 -> 8750000
A13: =+A12+0.1 -> #VALUE! | B13: Secretaria | C13: Mes | D13: 2 | E13: 0.5 | F13: 1.75 | G13: =+INTERVENTORIA!B16 -> 1750905 | H13: =+D13*E13*F13*G13 -> 3064083.8
A14: 1.5 | B14: Almacenista | C14: Mes | D14: 2 | E14: 1 | F14: 1.75 | G14: =+G13 -> 1750905 | H14: =+D14*E14*F14*G14 -> 6128167.5
A15: TOTAL PERSONAL DE OBRA | H15: =SUM(H10:H14) -> 41985751
A16: 2 | B16: COSTOS DE SERVICIOS PUBLICOS
A17: 2.1 | B17: Energía. | C17: Mes | D17: =+D10 -> 2 | G17: 120000 | H17: =+D17*G17 -> 240000
A18: 2.2 | B18: Agua. | C18: Mes | D18: =+D17 -> 2 | G18: 45000 | H18: =+D18*G18 -> 90000
A19: 2.3 | B19: Internet y telefonía. | C19: Mes | D19: =+D18 -> 2 | G19: 80000 | H19: =+D19*G19 -> 160000
A20: TOTAL COSTOS DE SERVICIOS PUBLICOS | H20: =SUM(H17:H19) -> 490000
A21: 3 | B21: CAMPAMENTO Y GASTOS DE OFICINA
A22: 3.1 | B22: Campamento y bodega. | C22: =+C19 -> Mes | D22: =+D12 -> 2 | G22: 1000000 | H22: =+D22*G22 -> 2000000
A23: 3.2 | B23: Software y hardware para obra. | C23: Und | D23: 1 | G23: 894145.88 | H23: =+D23*G23 -> 894145.88
A24: =+A23+0.1 -> #VALUE! | B24: Presentacion de Informes y papelería en general | C24: =+C22 -> Mes | D24: =+D22 -> 2 | G24: 169457.24 | H24: =+D24*G24 -> 338914.48
A25: =+A24+0.1 -> #VALUE! | B25: Transporte de Personal a la obra | C25: =+C24 -> Mes | D25: =+D24 -> 2 | G25: 1500000 | H25: =+D25*G25 -> 3000000
A26: =+A25+0.1 -> #VALUE! | B26: Instalacion de Valla Informativa | C26: =+C23 -> Und | D26: =+D23 -> 1 | G26: 1500000 | H26: =+D26*G26 -> 1500000
A27: TOTAL CAMPAMENTO Y GASTOS DE OFICINA | H27: =SUM(H22:H26) -> 7733060.4
A28: 4 | B28: ENSAYOS DE CONTROL DE CALIDAD
A29: 4.1 | B29: Presiones hidroestatica | C29: ML | D29: =+PRESUPUESTO!D11 -> 1 | G29: 1500 | H29: =+G29*D29 -> 1500 | I29: 175 | J29: =+I29*2 -> 350 | K29: =+J29/50 -> 7
A30: =+A29+0.1 -> 4.2 | B30: Ensayo quimico de lavado tuberia | C30: ML | D30: =+D29 -> 1 | G30: 2000 | H30: =+G30*D30 -> 2000
A31: =+A30 -> 4.2 | B31: Prueba de Aplastamiento | C31: ML | D31: =+PRESUPUESTO!D22 -> 150 | G31: 3000 | H31: =+G31*D31 -> 450000
A32: TOTAL ENSAYOS DE CONTROL DE CALIDAD | H32: =SUM(H29:H31) -> 453500
A33: 3 | B33: COSTOS DE LEGALIZACIÓN
A34: =+A33+0.1 -> 3.1 | B34: Pólizas. | C34: % | D34: 0.005 | G34: =+PRESUPUESTO!F40 -> 36853720 | H34: =+D34*G34 -> 184268.6
A35: =+A34+0.1 -> 3.2 | B35: Estampilla adulto mayor | C35: % | D35: 0.04 | G35: =+G34 -> 36853720 | H35: =+D35*G35 -> 1474148.8
A36: =+A35+0.1 -> 3.3 | B36: Estampilla procultura | C36: % | D36: 0.01 | G36: =+G35 -> 36853720 | H36: =+D36*G36 -> 368537.2
A37: =+A36+0.1 -> 3.4 | B37: Estampilla ProElectrificacion rural | C37: % | D37: 0.01 | G37: =+G36 -> 36853720 | H37: =+D37*G37 -> 368537.2
A38: =+A37+0.1 -> 3.5 | B38: Tasa prodeportes | C38: % | D38: 0.01 | G38: =+G37 -> 36853720 | H38: =+D38*G38 -> 368537.2
A39: =+A38+0.1 -> 3.6 | B39: Justicia familiar | C39: % | D39: 0.02 | G39: =+G38 -> 36853720 | H39: =+D39*G39 -> 737074.4
A40: =+A39+0.1 -> 3.7 | B40: Pro-hospital universitario de Sincelejo | C40: % | D40: 0.01 | G40: =+G39 -> 36853720 | H40: =+D40*G40 -> 368537.2
A41: =+A40+0.1 -> 3.8 | B41: Pro-universidad de sucre | C41: % | D41: 0.015 | G41: =+G40 -> 36853720 | H41: =+D41*G41 -> 552805.8
A42: =+A41+0.1 -> 3.9 | B42: contribución contrato obra pública | C42: % | D42: 0.05 | G42: =+G41 -> 36853720 | H42: =+D42*G42 -> 1842686
H43: =SUM(H34:H42) -> 6265132.4
A45: 1 | B45: ADMINISTRACIÓN. | G45: 0.29 | H45: =+H15+H20+H27+H32+H43 -> 56927444 | I45: =+PRESUPUESTO!$F$41 -> 9213430 | J45: =+H45-I45 -> 47714014
A47: 2 | B47: IMPREVISTOS | G47: 0.01 | H47: =+PRESUPUESTO!F42 -> 368537 | I47: =+PRESUPUESTO!$F$42 -> 368537
A49: 3 | B49: UTILIDAD | G49: 0.05 | H49: =+PRESUPUESTO!F43 -> 1474149 | I49: =+PRESUPUESTO!$F$43 -> 1474149
A51: TOTAL A.U.I. | G51: =+G49+G47+G45 -> 0.35 | H51: =+H45+H47+H49 -> 58770130 | I51: =+PRESUPUESTO!F44 -> 11056116 | J51: =+I51-H51 -> -47714014
A58: CARMEN ANA MERCADO PEREZ
A59: Secretario De Planeación
A60: COROZAL – SUCRE

Sheet REVISION DE ESTUDIOS Y DISEÑOS 
A1: =+PRESUPUESTO!#REF! -> #REF!
A2: PROYECTO | B2: =+PRESUPUESTO!A1 -> ADQUISICIÓN E INSTALACIÓN DE CIRCUITO INTEGRADO DE VIGILANCIA PARA BODEGA QUE CUSTODIA MERCANCÍA APREHENDIDA POR EL GRUPO ANTICONTRABANDO DEL DEPARTAMENTO DE CÓRDOBA
A5: COSTOS DIRECTOS | B5: UND | C5: CANTIDAD | D5: VALOR UNITARIO | F5: VALOR TOTAL
A6: Topografia | B6: UND | C6: 1 | D6: 4000000 | F6: =+C6*D6 -> 4000000 | I6: =+#REF!/50 -> #REF!
A7: Estudio de Suelos | B7: UND | C7: 1 | D7: 3500000 | F7: =+C7*D7 -> 3500000
A8: Diseño de redes de acueducto | B8: UND | C8: 1 | D8: 3500000 | F8: =+C8*D8 -> 3500000
A9: Diseño de redes de Alcantarillado | B9: UND | C9: 1 | D9: =+D8 -> 3500000 | F9: =+C9*D9 -> 3500000
A10: Diagnostico de redes de alcantarillado | B10: UND | C10: 1 | D10: 1500000 | F10: =+C10*D10 -> 1500000
A11: impresión de informes y planos | B11: UND | C11: 1 | D11: 1000000 | F11: =+C11*D11 -> 1000000
A12: 3. SUBTOTAL OTROS COSTOS DIRECTOS | G12: =ROUND(SUM(F6:G11),0) -> 17000000
A14: 4. RESUMEN GENERAL
A15: COSTO TOTAL ( 1 + 2 + 3 ) | F15: =+G12 -> 17000000
A16: IVA (Sobre costo basico 19.00%) | F16: =ROUND(F15*19%,0) -> 3230000
A17: IMPUESTOS DE ESTAMPILLAS (11.5%): | F17: =ROUND(F15*11.5%,0) -> 1955000
A18: VALOR TOTAL DE LA INTERVENTORIA | F18: =F16+F15+F17 -> 22185000
A24: CARMEN ANA MERCADO PEREZ
A25: Secretario De Planeación
A26: COROZAL – SUCRE

Sheet PMT
A1: =+PRESUPUESTO!A1 -> ADQUISICIÓN E INSTALACIÓN DE CIRCUITO INTEGRADO DE VIGILANCIA PARA BODEGA QUE CUSTODIA MERCANCÍA APREHENDIDA POR EL GRUPO ANTICONTRABANDO DEL DEPARTAMENTO DE CÓRDOBA
A3: PLAN DE MANEJO DE TRÁNSITO
A5: ITEM | B5: DESCRIPCION | C5: UNIDAD | D5: CANTIDAD | E5: VR UNITARIO | F5: PRESTACIONES SOCIALES | G5: VR PARCIAL
A6: 1 | B6: PERSONAL DE TRANSITO | G6: =+SUM(G7:G8) -> 12256335
A7: 1.1 | B7: Paletero 1 | C7: MESES | D7: =+'AUI '!D10 -> 2 | E7: =+'MANO DE OBRA'!C9 -> 1750905 | F7: =+'FACTOR PRESTACIONAL'!C56 -> 1.75 | G7: =+D7*E7*F7 -> 6128167.5
A8: 1.2 | B8: Paletero 2 | C8: MESES | D8: =+D7 -> 2 | E8: =+E7 -> 1750905 | F8: =+F7 -> 1.75 | G8: =+D8*E8*F8 -> 6128167.5
A9: 1 | B9: GASTO PARA EJECUCION DEL PMT | G9: =SUM(G10:G16) -> 4930000
A10: 1.1 | B10: Señal de inicio de obra | C10: UNIDAD | D10: 2 | E10: 290000 | G10: =D10*E10 -> 580000
A11: =+A10+0.1 -> 1.2 | B11: Señal de fin de obra | C11: UNIDAD | D11: 2 | E11: =+E10 -> 290000 | G11: =D11*E11 -> 580000
A12: =+A11+0.1 -> 1.3 | B12: Señal de desvío con Barricada | C12: UNIDAD | D12: 5 | E12: 140000 | G12: =D12*E12 -> 700000
A13: =+A12+0.1 -> 1.4 | B13: Señal de sendero peatonal. | C13: UNIDAD | D13: 2 | E13: 260000 | G13: =D13*E13 -> 520000
A14: =+A13+0.1 -> 1.5 | B14: Barricada. | C14: UNIDAD | D14: 6 | E14: 380000 | G14: =D14*E14 -> 2280000 | H14: =+'[112]PRESUPUESTO '!F117 -> 1329608230
A15: =+A14+0.1 -> 1.6 | B15: Paletas PARE/SIGA. | C15: UNIDAD | D15: 2 | E15: 35000 | G15: =D15*E15 -> 70000
A16: =+A15+0.1 -> 1.7 | B16: cinta de señalización peligroX300 metros E=10cm | C16: ROLLO | D16: =+D8*2 -> 4 | E16: 50000 | G16: =D16*E16 -> 200000
A18: TOTAL COSTO PMT | G18: =+G9+G6 -> 17186335
B26: CARMEN ANA MERCADO PEREZ
B27: Secretario De Planeación
B28: COROZAL – SUCRE

Sheet PGIO 
A1: NOMBRE DEL PROYECTO (OBJETO): | E1: PGIO
A2: =+PRESUPUESTO!A1 -> ADQUISICIÓN E INSTALACIÓN DE CIRCUITO INTEGRADO DE VIGILANCIA PARA BODEGA QUE CUSTODIA MERCANCÍA APREHENDIDA POR EL GRUPO ANTICONTRABANDO DEL DEPARTAMENTO DE CÓRDOBA
A4: MUNICIPIO:
A5: =+PRESUPUESTO!A5 -> DEPARTAMENTO DE CORDODA
A6: DEPARTAMENTO:
A7: SUCRE
A8: DURACIÓN DEL PROYECTO EN MESES
A9: DOS MESES
C12: COSTO DIRECTO DE OBRA (CD) | D12: =+PRESUPUESTO!F40 -> 36853720
C13: TERMINO DE EJECUCIÓN DE OBRA ( MESES ) | D13: =+'AUI '!D10 -> 2
C14: PGIO | D14: =+H49 -> 13647000
A15: P. PROGRAMA DE IMPLEMENTACION DEL PLAN DE GESTION INTEGRAL DE OBRA (PGIO)
A16: DESCRIPCIÓN | E16: UNIDAD | F16: VR. BASE | G16: CANTIDAD | H16: VALOR ($) | J16: 1
A17: 1. IMPLEMETACIÓN PGIO - EJE S&SO
B18: Kit Elementos de protección El kit incluye: elementos de protección personal básicos por persona - personal operativo de los frentes de obra (incluye casco de seguridad, guantes de carnaza o guantes de caucho) | E18: UN | F18: 88000 | G18: =+D13 -> 2 | H18: =F18*G18 -> 176000
B19: Kit de Emergencias El Kit incluye: extintor de 10 lbs (señalización en acrílico de 22 cm x 15 de extintor), camilla rígida, reflectivos y botiquín con elementos necesarios) | E19: UN | F19: 910000 | G19: 1 | H19: =F19*G19 -> 910000 | J19: 4000000
B20: Generación de informes, impresión de información, adquisición de información, capacitaciones y mantenimiento del plan de implementación de PGIO eje de segurIdad industrial y salud ocupacional. | E20: UN | F20: 130000 | G20: =+G18 -> 2 | H20: =F20*G20 -> 260000
B21: kit para desperdicios sólidos. incluye tres (3) canecas para de 65 litros, compuesta de dos piezas (tapa y contenedor) resistente a la intemperie, de fácil limpieza y cargue, en polietileno de alta densidad, redonda - bolsas para basura color negra, rojo y verde de material plástico de alta densidad, calibre de 2", de 65 x 85cm - | E21: UN | F21: 315000 | G21: 1 | H21: =F21*G21 -> 315000
B22: Kit señalización SST (Señalización para personal de obra (salida de emergencia, ruta de evacuación, baños, botiquín, solo personal autorizado)) | E22: UN | F22: 120000 | G22: 8 | H22: =F22*G22 -> 960000 | I22: =+I33 -> 559998436
B23: Examen médico ocupacional de ingreso y egreso | E23: UN | F23: 175000 | G23: =4*G18 -> 8 | H23: =F23*G23 -> 1400000
J24: 2000000
A25: TOTAL IMPLEMETACIÓN PGIO - EJE S&SO POR EL TÉRMINO DE EJECUCIÓN | H25: =+SUM(H17:H24) -> 4021000
A27: 2. IMPLEMETACION PGIO - EJE AMBIENTAL
B29: Lavado de Herramientas Caneca para lavado de herramientas con capacidad para 55 galones, redonda, con tapa, material; polietileno. Irrompible, alta densidad, resistente a carga estática, resistente a la exposición a la intemperie. Color: de acuerdo con la disponibilidad con la que se cuente. | E29: UN | F29: 120000 | G29: =+G20 -> 2 | H29: =F29*G29 -> 240000 | J29: 1000000
B30: Kit antiderrame incluye pala antichispa, barreras de contención, paños oleofilicos, almohadillas absorbentes y desengrasante biodegradable. | E30: UN | F30: 412000 | G30: 1 | H30: =F30*G30 -> 412000
B31: Seguimiento de Implementacion de Programas y Planes PAGA | E31: MES | F31: 2600000 | G31: =+G29 -> 2 | H31: =F31*G31 -> 5200000
B32: Alquiler baño portatil | E32: MES | F32: 580000 | G32: =+G29 -> 2 | H32: =F32*G32 -> 1160000
B33: Señales en Areas dispuestas en material policromado de 0,8 m x 0,50m y parales en madera de 2,60 m | E33: UN | F33: 130000 | G33: 7 | H33: =F33*G33 -> 910000 | I33: =+'[113]PRESUPUESTO '!F108 -> 559998436
A36: TOTAL IMPLEMETACIÓN PGIO - EJE AMBIENTAL POR EL TÉRMINO DE EJECUCIÓN | H36: =+SUM(H27:H35) -> 7922000
A38: 3. SEGURIDAD Y SALUD EN EL TRABAJO
B40: Guantes para obras civiles X 5 Unidades | E40: UN | F40: 100000 | G40: =+G23 -> 8 | H40: =F40*G40 -> 800000 | J40: 1000000
B41: Chalecos para obras civiles. | E41: UN | F41: 38000 | G41: =+G40 -> 8 | H41: =F41*G41 -> 304000
B42: Cascos | E42: UN | F42: 30000 | G42: =+G41 -> 8 | H42: =F42*G42 -> 240000
B43: Protección auditiva X 100 unidades | E43: UN | F43: 92000 | G43: 2 | H43: =F43*G43 -> 184000
B44: Protección visual X 5 Unidades | E44: UN | F44: 22000 | G44: =+G41 -> 8 | H44: =F44*G44 -> 176000
A47: TOTAL IMPLEMETACIÓN SEGURIDAD Y SALUD EN EL TRABAJO POR EL TÉRMINO DE EJECUCIÓN | H47: =+SUM(H38:H46) -> 1704000
A49: TOTAL IMPLEMETACIÓN PGIO | H49: =+H25+H36+H47 -> 13647000
B55: CARMEN ANA MERCADO PEREZ
B56: Secretario De Planeación
B57: COROZAL – SUCRE
E59: 3135993766
E60: RAFAEL URIBE | I60: =+#REF!/D12 -> #REF!
E61: SLK 448 | F61: 0.20833333
I95: =ROUND(H36/$D$12,4)-0.0006 -> 0.2144
I106: =ROUND(#REF!/$D$12,4) -> #REF!
I116: 0.32

Sheet FACTOR PRESTACIONAL
A1: =+'AUI '!A2 -> ADQUISICIÓN E INSTALACIÓN DE CIRCUITO INTEGRADO DE VIGILANCIA PARA BODEGA QUE CUSTODIA MERCANCÍA APREHENDIDA POR EL GRUPO ANTICONTRABANDO DEL DEPARTAMENTO DE CÓRDOBA
A4: FACTOR PRESTACIONAL
A5: COSTO DE PRESTACIONES SOCIALES Y APORTES EMPLEADOS MAS DE 2 S.M.L.
A6: ÍTEM | B6: DESCRIPCIÓN | C6: VALOR (%)
A7: 1 | B7: SALARIOS.
A8: 1.1 | B8: Salarios. | C8: 1
A9: SUBTOTAL | C9: =+C8 -> 1
A11: ÍTEM | B11: DESCRIPCIÓN | C11: VALOR (%)
A12: 2 | B12: PRESTACIONES SOCIALES.
A13: 2.1 | B13: Cesantías. | C13: 0.0833
A14: 2.2 | B14: Intereses sobre las cesantías. | C14: 0.01
A15: 2.3 | B15: Prima de Servicios. | C15: 0.0833
A16: 2.4 | B16: Vacaciones. | C16: 0.0417
A17: 2.5 | B17: Salud. | C17: 0.085
A18: 2.6 | B18: Pensión. | C18: 0.12
A19: 2.7 | B19: ARL. | C19: 0.0696
B20: SUBTOTAL | C20: =SUM(C13:C19) -> 0.4929
A22: 2.8 | B22: SENA. | C22: 0.02
A23: 2.9 | B23: ICBF. | C23: 0.03
A24: 2.10 | B24: Cajas de Compensación. | C24: 0.04
A25: 2.11 | B25: Dotacion | C25: 0.02
B26: SUBTOTAL | C26: =SUM(C22:C25) -> 0.11
A27: SUBTOTAL | C27: =C26+C20 -> 0.6029
A30: TOTAL FACTOR PRESTACIONAL | C30: =+C9+C27 -> 1.6029
A31: COSTO DE PRESTACIONES SOCIALES Y APORTES EMPLEADOS MENOS DE 2 S.M.L.
A32: ÍTEM | B32: DESCRIPCIÓN | C32: VALOR (%)
A33: 1 | B33: SALARIOS.
A34: 1.1 | B34: Salarios. | C34: 1
A35: SUBTOTAL | C35: =+C34 -> 1
A37: ÍTEM | B37: DESCRIPCIÓN | C37: VALOR (%)
A38: 2 | B38: PRESTACIONES SOCIALES.
A39: 2.1 | B39: Cesantías. | C39: 0.0833
A40: 2.2 | B40: Subsisdio de Transporte | C40: 0.1172
A41: 2.3 | B41: Intereses sobre las cesantías. | C41: 0.01
A42: 2.4 | B42: Prima de Servicios. | C42: 0.0833
A43: 2.5 | B43: Vacaciones. | C43: 0.0416
A44: 2.6 | B44: Salud. | C44: 0.085
A45: 2.7 | B45: Pensión. | C45: 0.12
A46: 2.8 | B46: ARL. | C46: 0.0696
B47: SUBTOTAL | C47: =SUM(C39:C46) -> 0.61
A49: 2.8 | B49: SENA. | C49: 0.02
A50: 2.9 | B50: ICBF. | C50: 0.03
A51: 2.10 | B51: Cajas de Compensación. | C51: 0.04
A52: 2.12 | B52: Dotación. | C52: 0.05
B53: SUBTOTAL | C53: =SUM(C49:C52) -> 0.14
A54: SUBTOTAL | C54: =C53+C47 -> 0.75
A56: TOTAL FACTOR PRESTACIONAL | C56: =+C54+C35 -> 1.75
B60: CARMEN ANA MERCADO PEREZ
B61: Secretario De Planeación
B62: COROZAL – SUCRE

Sheet MANO DE OBRA
B3: PROYECTO: | C3: =+PRESUPUESTO!A1 -> ADQUISICIÓN E INSTALACIÓN DE CIRCUITO INTEGRADO DE VIGILANCIA PARA BODEGA QUE CUSTODIA MERCANCÍA APREHENDIDA POR EL GRUPO ANTICONTRABANDO DEL DEPARTAMENTO DE CÓRDOBA
B4: CONTRATANTE: | C4: =+PRESUPUESTO!A5 -> DEPARTAMENTO DE CORDODA | G4: IMPRESO
B5: FECHA: | C5: =+PRESUPUESTO!A7 -> MAYO 2026
B7: MANO DE OBRA
B9: SMMLV | C9: 1750905 | D9: AÑO 2026 | H9: 908000
H10: 106000
B11: DESCRIPCIÓN | D11: UNIDAD | E11: F.M. | F11: JORNAL | H11: =SUM(H9:H10) -> 1014000
B12: AYUDANTE | D12: DH | E12: 1 | F12: =ROUND(E12*($C$9/30),0) -> 58364 | G12: =+F12*1.8 -> 105055.2 | H12: =+G12*300 -> 31516560
B13: AYUDANTE (5) | D13: DH | E13: 5 | F13: =ROUND(E13*($C$9/30),0) -> 291818
B14: TECNICO DE TELECOMUNICACIONES | D14: =+D13 -> DH | E14: 2 | F14: =ROUND(E14*($C$9/30),0) -> 116727
B15: AYUDANTE TELECOMUNICACIONES | D15: DH | E15: 1.5 | F15: =ROUND(E15*($C$9/30),0) -> 87545
B16: OFICIAL | D16: DH | E16: 1.5 | F16: =ROUND(E16*($C$9/30),0) -> 87545
B17: MAESTRO | D17: DH | E17: 2 | F17: =ROUND(E17*($C$9/30),0) -> 116727
B18: TOPOGRAFO | D18: DH | E18: 2 | F18: =ROUND(E18*($C$9/30),0) -> 116727
B19: CADENERO | D19: DH | E19: 1 | F19: =ROUND(E19*($C$9/30),0) -> 58364
B20: OFICIAL PINTOR | D20: DH | E20: 1.5 | F20: =ROUND(E20*($C$9/30),0) -> 87545
B21: AYUDANTE PINTOR | D21: DH | E21: 1 | F21: =ROUND(E21*($C$9/30),0) -> 58364
B22: OFICIAL ELECTRICO | D22: DH | E22: 1.5 | F22: =ROUND(E22*($C$9/30),0) -> 87545
B23: AYUDANTE ELETRICO | D23: DH | E23: 1 | F23: =ROUND(E23*($C$9/30),0) -> 58364
B24: SOLDADOR | D24: DH | E24: 1.5 | F24: =ROUND(E24*($C$9/30),0) -> 87545
B25: AYUDANTE DE SOLDADOR | D25: DH | E25: 1 | F25: =ROUND(E25*($C$9/30),0) -> 58364
B26: OFICIAL DE FONTANERIA | D26: DH | E26: 1.5 | F26: =ROUND(E26*($C$9/30),0) -> 87545
... B31: AYUDANTE HERRERIA | D31: DH | E31: 1 | F31: =ROUND(E31*($C$9/30),0) -> 58364
B34: CARMEN ANA MERCADO PEREZ
B35: Secretario De Planeación
B36: COROZAL – SUCRE

Sheet APU CAP. II
B2: PROYECTO: | C2: =+PRESUPUESTO!A1 -> ADQUISICIÓN E INSTALACIÓN DE CIRCUITO INTEGRADO DE VIGILANCIA PARA BODEGA QUE CUSTODIA MERCANCÍA APREHENDIDA POR EL GRUPO ANTICONTRABANDO DEL DEPARTAMENTO DE CÓRDOBA
B3: CONTRATANTE: | C3: =+'APU CAP. I'!C3 -> DEPARTAMENTO DE CORDODA
B4: FECHA: | C4: =+'APU CAP. I'!C4 -> MAYO 2026
B6: =+PRESUPUESTO!#REF! -> #REF!
B8: ANÁLISIS DE PRECIO UNITARIO
B9: =+PRESUPUESTO!B22 -> SUMINISTRO E INSTALACION DE TUBERÍA MATERIAL PVC. GROSOR DE PARED SCH 40. MEDIDAS DE 1/2” PARA CONDUCCIÓN DE CABLEADO, INCLUYE ACCESORIOS (ADAPTADORES,UNIONES, CURVAS, GRAPAS). GARANTÍA: POR DEFECTO DE FÁBRICA 12 MESES | H9: IMPRESO
B11: ITEM: | C11: =+PRESUPUESTO!A22 -> 1.12
B12: UNIDAD: | C12: =+PRESUPUESTO!C22 -> ML
B14: EQUIPOS
B15: DESCRIPCIÓN | D15: UNIDAD | E15: TARIFA/HORA | F15: RENDIMIENTO | G15: VALOR UNITARIO
B16: Equipo de topografía | D16: =IFERROR(VLOOKUP(B16,MAQUINARIA!$B$6:$D$578,2,FALSE)," ") | E16: =IFERROR(VLOOKUP(B16,MAQUINARIA!$B$6:$D$578,3,FALSE)," ") | F16: 120 | G16: =IFERROR(ROUND(E16/F16,0)," ") | H16: =1750*1.09 -> 1907.5 | I16: 30000 | J16: =+I16*1.09 -> 32700
H17: =3300*1.09 -> 3597
H18: =+H17*60 -> 215820
B20: HERRAMIENTA MENOR (10% MO) | D20: % | E20: =+G48 -> 3405 | F20: 10 | G20: =IFERROR(ROUND(E20/F20,0)," ") -> 341
F21: Subtotal | G21: =SUM(G16:G20) -> 341
B23: MATERIALES
B24: DESCRIPCIÓN | D24: UNIDAD | E24: PRECIO UNITARIO | F24: CANTIDAD | G24: VALOR UNITARIO
B25: ESTACAS DE MADERA | D25: =IFERROR(VLOOKUP(B25,INSUMOS!$B$8:$D$453,2,FALSE)," ") | E25: =IFERROR(VLOOKUP(B25,INSUMOS!$B$8:$D$453,3,FALSE)," ") | F25: 0.5 | G25: =IFERROR(ROUND(E25*F25,0)," ")
F30: Subtotal | G30: =SUM(G25:G29) -> 0
B32: TRANSPORTE
B33: DESCRIPCIÓN | D33: UNIDAD | E33: TARIFA/HORA | F33: RENDIMIENTO | G33: VALOR UNITARIO
F39: Subtotal | G39: =SUM(G34:G38) -> 0
B41: MANO DE OBRA
B42: DESCRIPCIÓN | C42: JORNAL | D42: PRESTACIONES | E42: JORNAL TOTAL | F42: RENDIMIENTO | G42: VALOR UNITARIO
B43: AYUDANTE | C43: =IFERROR(VLOOKUP(B43,'MANO DE OBRA'!$B$12:$F$211,5,FALSE)," ") -> 58364 | D43: 1.75 | E43: =IFERROR(C43*D43," ") -> 102137 | F43: 30 | G43: =IFERROR(ROUND(E43/F43,0)," ") -> 3405 | H43: =135*1.09 -> 147.15
F48: Subtotal | G48: =SUM(G43:G47) -> 3405
E50: SUBTOTAL COSTO DIRECTO | G50: =ROUND(+G48+G30+G21+G39,0) -> 3746
B53: CARMEN ANA MERCADO PEREZ
B54: Secretario De Planeación
B55: COROZAL – SUCRE
B56: ANÁLISIS DE PRECIO UNITARIO
B57: =+PRESUPUESTO!B23 -> SUMINISTRO E INSTALACION DE TUBERÍA MATERIAL PVC. GROSOR DE PARED SCH 40. MEDIDAS DE 3/4” PARA CONDUCCIÓN DE CABLEADO, INCLUYE ACCESORIOS (ADAPTADORES,UNIONES, CURVAS, GRAPAS). GARANTÍA: POR DEFECTO DE FÁBRICA 12 MESES
B59: ITEM: | C59: =+PRESUPUESTO!A23 -> 1.13
B60: UNIDAD: | C60: =+PRESUPUESTO!C23 -> ML
B62: EQUIPOS
B63: DESCRIPCIÓN | D63: UNIDAD | E63: TARIFA/HORA | F63: RENDIMIENTO | G63: VALOR UNITARIO
B64: RETROEXCAVADORA 320C | D64: =IFERROR(VLOOKUP(B64,MAQUINARIA!$B$6:$D$578,2,FALSE)," ") | E64: =IFERROR(VLOOKUP(B64,MAQUINARIA!$B$6:$D$578,3,FALSE)," ") | F64: 18 | G64: =IFERROR(ROUND(E64/F64,0)," ")
B68: HERRAMIENTA MENOR (10% MO) | D68: % | E68: =+G94 -> 4085 | F68: 10 | G68: =IFERROR(ROUND(E68/F68,0)," ") -> 409
F69: Subtotal | G69: =SUM(G64:G68) -> 409
B71: MATERIALES
B72: DESCRIPCIÓN | D72: UNIDAD | E72: PRECIO UNITARIO | F72: CANTIDAD | G72: VALOR UNITARIO
B73: DERECHO CANTERA | E73: 8230 | F73: 1 | G73: =+E73*F73 -> 8230
F77: Subtotal | G77: =SUM(G73:G76) -> 8230
B79: TRANSPORTE
B80: DESCRIPCIÓN | D80: UNIDAD | E80: TARIFA/HORA | F80: RENDIMIENTO | G80: VALOR UNITARIO
F85: Subtotal | G85: =SUM(G81:G84) -> 0
B87: MANO DE OBRA
B88: DESCRIPCIÓN | C88: JORNAL | D88: PRESTACIONES | E88: JORNAL TOTAL | F88: RENDIMIENTO | G88: VALOR UNITARIO
B89: AYUDANTE | C89: =IFERROR(VLOOKUP(B89,'MANO DE OBRA'!$B$12:$F$211,5,FALSE)," ") -> 58364 | D89: 1.75 | E89: =IFERROR(C89*D89," ") -> 102137 | F89: 25 | G89: =IFERROR(ROUND(E89/F89,0)," ") -> 4085
F94: Subtotal | G94: =SUM(G89:G93) -> 4085
E96: SUBTOTAL COSTO DIRECTO | G96: =ROUND(+G94+G77+G69+G85,0) -> 12724 | H96: 26392.3
B99: CARMEN ANA MERCADO PEREZ
B100: Secretario De Planeación
B101: COROZAL – SUCRE
B102: ANÁLISIS DE PRECIO UNITARIO
B103: =+PRESUPUESTO!B24 -> SUMINISTRO E INSTALACION DE CABLE ENCAUCHETADO POR ML. CABLE ELÉCTRICO FLEXIBLE DE 3 CONDUCTORES CALIBRE 12 CON RECUBRIMIENTO PROTECTOR. GARANTÍA: POR DEFECTO DE FÁBRICA 36 MESES
B105: ITEM: | C105: =+PRESUPUESTO!A24 -> 1.14
B106: UNIDAD: | C106: =+PRESUPUESTO!C24 -> ML
B108: EQUIPOS
B109: DESCRIPCIÓN | D109: UNIDAD | E109: TARIFA/HORA | F109: RENDIMIENTO | G109: VALOR UNITARIO
B114: HERRAMIENTA MENOR (10% MO) | D114: % | E114: =+G140 -> 53756 | F114: 10 | G114: =IFERROR(ROUND(E114/F114,0)," ") -> 5376
F115: Subtotal | G115: =SUM(G110:G114) -> 5376
B117: MATERIALES
B118: DESCRIPCIÓN | D118: UNIDAD | E118: PRECIO UNITARIO | F118: CANTIDAD | G118: VALOR UNITARIO
F123: Subtotal | G123: =SUM(G119:G122) -> 0
B125: TRANSPORTE
B126: DESCRIPCIÓN | D126: UNIDAD | E126: TARIFA/HORA | F126: RENDIMIENTO | G126: VALOR UNITARIO
F131: Subtotal | G131: =SUM(G127:G130) -> 0
B133: MANO DE OBRA
B134: DESCRIPCIÓN | C134: JORNAL | D134: PRESTACIONES | E134: JORNAL TOTAL | F134: RENDIMIENTO | G134: VALOR UNITARIO
B135: AYUDANTE | C135: =IFERROR(VLOOKUP(B135,'MANO DE OBRA'!$B$12:$F$211,5,FALSE)," ") -> 58364 | D135: 1.75 | E135: =IFERROR(C135*D135," ") -> 102137 | F135: 3.8 | G135: =IFERROR(ROUND(E135/F135,0)," ") -> 26878
B136: AYUDANTE | C136: =IFERROR(VLOOKUP(B136,'MANO DE OBRA'!$B$12:$F$211,5,FALSE)," ") -> 58364 | D136: =+D135 -> 1.75 | E136: =IFERROR(C136*D136," ") -> 102137 | F136: =+F135 -> 3.8 | G136: =IFERROR(ROUND(E136/F136,0)," ") -> 26878
F140: Subtotal | G140: =SUM(G135:G139) -> 53756
E142: SUBTOTAL COSTO DIRECTO | G142: =ROUND(+G140+G123+G115+G131,0) -> 59132 | H142: =970000*1.09 -> 1057300
B144: CARMEN ANA MERCADO PEREZ
B145: Secretario De Planeación
B146: COROZAL – SUCRE
B147: ANÁLISIS DE PRECIO UNITARIO
B148: =+PRESUPUESTO!B25 -> SUMINISTRO E INSTALACION DE TOMA ELECTRICO 15 AMP: DISPOSITIVO DE CONEXIÓN ELÉCTRICA PARA SUMINISTRO DE ENERGÍA. TIPO: DOBLE. SOPORTE DE POTENCIA DE 1800W A 120V. GARANTÍA: POR DEFECTO DE FÁBRICA 12 MESES | H148: IMPRESO
B150: ITEM: | C150: =+PRESUPUESTO!A25 -> 1.15
B151: UNIDAD: | C151: =+PRESUPUESTO!C25 -> UND
B153: EQUIPOS
B154: DESCRIPCIÓN | D154: UNIDAD | E154: TARIFA/HORA | F154: RENDIMIENTO | G154: VALOR UNITARIO
B155: VOLQUETA | D155: =IFERROR(VLOOKUP(B155,MAQUINARIA!$B$6:$D$578,2,FALSE)," ") | E155: =IFERROR(VLOOKUP(B155,MAQUINARIA!$B$6:$D$578,3,FALSE)," ") | F155: 45 | G155: =IFERROR(ROUND(E155/F155,0)," ") | H155: =1750*1.09 -> 1907.5 | I155: 30000 | J155: =+I155*1.09 -> 32700
H156: =3300*1.09 -> 3597
H157: =+H156*60 -> 215820
B159: HERRAMIENTA MENOR (10% MO) | D159: % | E159: =+G187 -> 0 | F159: 10 | G159: =IFERROR(ROUND(E159/F159,0)," ") -> 0
F160: Subtotal | G160: =SUM(G155:G159) -> 0
B162: MATERIALES
B163: DESCRIPCIÓN | D163: UNIDAD | E163: PRECIO UNITARIO | F163: CANTIDAD | G163: VALOR UNITARIO
H164: 1200 | I164: 0.2
H165: 6000 | I165: 0.05
H166: 18000 | I166: 0.01
H167: 8000 | I167: 0.02
F169: Subtotal | G169: =SUM(G164:G168) -> 0
B171: TRANSPORTE
B172: DESCRIPCIÓN | D172: UNIDAD | E172: TARIFA/HORA | F172: RENDIMIENTO | G172: VALOR UNITARIO
F178: Subtotal | G178: =SUM(G173:G177) -> 0
B180: MANO DE OBRA
B181: DESCRIPCIÓN | C181: JORNAL | D181: PRESTACIONES | E181: JORNAL TOTAL | F181: RENDIMIENTO | G181: VALOR UNITARIO
...

Sheet CANTIDADES I
A1: MEMORIA DE CANTIDADES
A3: =+PRESUPUESTO!A1 -> ADQUISICIÓN E INSTALACIÓN DE CIRCUITO INTEGRADO DE VIGILANCIA PARA BODEGA QUE CUSTODIA MERCANCÍA APREHENDIDA POR EL GRUPO ANTICONTRABANDO DEL DEPARTAMENTO DE CÓRDOBA
A5: CAPÍTULO | E5: =+PRESUPUESTO!#REF! -> #REF! | K5: =+PRESUPUESTO!A11 -> 1.1 | M5: =+PRESUPUESTO!B11 -> SUMINISTRO E INSTALACION DE GRABADOR DE VIDEO EN RED (NVR) DE 16 CANALES. COMPRESIÓN: H265. CAPACIDAD DE DECODIFICACIÓN: 1 CANAL EN RESOLUCIÓN 4K O 4 CANALES EN 4MP SIMULTÁNEAMENTE. ANCHO DE BANDA: 80 MBPS. ALMACENTAMIENTO: 1 SATA. CON SALIDA HDMI; SOPORTA 16 CÁMARAS SIMULTÁNEAS A 4 MP CON GRABACIÓN CONTINUA. TIEMPO MÍNIMO DE ALMACENAMIENTO: 20 DÍAS EN GRABACIÓN CONTINUA. COMPATIBLE CON TODOS LOS PROTOCOLOS. SOPORTE MONITOREO Y BUSQUEDA EN TIEMPO REAL POR APP MÓVIL. GARANTÍA: POR DEFECTO DE FÁBRICA 12 MESES | P5: UNID. | Q5: =+PRESUPUESTO!C11 -> UND
A6: VER CARTERAS ADJUNTAS | M6: Localización | N6: ABSCISA INICIAL | O6: ABSCISA FINAL | P6: Dimensiones | T6: No. Elementos | U6: Cantidad Total
P7: Long. (m) | Q7: Ancho (m) | R7: Espesor (m) | S7: VOL(m3) diseño
M9: =+'CANTIDADES II'!N405 -> CALLLE 40B ENTRE CARRERA 20 Y CARRERA 19D | P9: 215 | U9: =+P9 -> 215
M10: =+'CANTIDADES II'!N406 -> CARRERA 19D ENTRE CALLE 40B Y ENTRADA ESTADIO | P10: 159 | U10: =+P10 -> 159
M11: =+'CANTIDADES II'!N407 -> CALE 40B ENTRE CARREAR 19B Y CARRERA 19D | P11: 58.3 | U11: =+P11 -> 58.3
M12: =+'CANTIDADES II'!N409 -> CARRERA 20 ENTRE CALLE 40B Y CALLE 40 | U12: =+P12 -> 0
M13: CARRERA 19B ENTRE CALLE 40A Y CALLE 40B | U13: =+P13 -> 0
M18: TOTAL | U18: =SUM(U9:U17) -> 432.3
B23: CARMEN ANA MERCADO PEREZ
B24: Secretario De Planeación
B25: COROZAL – SUCRE
A26: =+A1 -> MEMORIA DE CANTIDADES
A28: =+A3 -> ADQUISICIÓN E INSTALACIÓN DE CIRCUITO INTEGRADO DE VIGILANCIA PARA BODEGA QUE CUSTODIA MERCANCÍA APREHENDIDA POR EL GRUPO ANTICONTRABANDO DEL DEPARTAMENTO DE CÓRDOBA
A30: CAPÍTULO | E30: =+E5 -> #REF! | K30: =+PRESUPUESTO!A12 -> 1.2 | M30: =+PRESUPUESTO!B12 -> SUMINISTRO E INSTALACION DE DISPOSITIVO DE VIGILANCIA (CÁMARA IP) DE ALTA RESOLUCIÓN: 4 MEGAPIXELES. TECNOLOGÍA SMART DUAL LIGHT. LENTE: FIJO DE 2.8MM. CON LUZ VISIBLE, RESISTENTENCIA: IP67, IMPERMEABLE Y RESISTENTE AL POLVO. ESTUCTURA: SEMIMETÁLICA. RESOLUCIÓN MÍNIMA EFECTIVA, VISIÓN NOCTURNA, DISTANCIA IR/LUZ BLANCA INFRAROJA A TOTAL OSCURIDAD, DISTANCIA IR/LUZ BLANCA. 20 MTS. GARANTÍA: POR DEFECTO DE FÁBRICA 12 MESES | P30: UNID. | Q30: =+PRESUPUESTO!C12 -> UND
A31: TOPOGRAFÍA = VER CARTERAS ADJUNTAS | M31: Localización | N31: Topografía | O31: Mejoramiento | P31: Dimensiones | T31: No. Elementos | U31: Cantidad Total
P32: Long. (m) | Q32: Ancho (m) | R32: Espesor (m) | S32: VOL(m3) diseño
M34: =+M9 -> CALLLE 40B ENTRE CARRERA 20 Y CARRERA 19D | P34: =+P9 -> 215 | Q34: 0.5 | R34: 1.15 | T34: 1 | U34: =+P34*Q34*R34 -> 123.625
M35: =+M10 -> CARRERA 19D ENTRE CALLE 40B Y ENTRADA ESTADIO | P35: =+P10 -> 159 | Q35: 0.5 | R35: 1.15 | T35: 1 | U35: =+P35*Q35*R35 -> 91.425
M36: =+M11 -> CALE 40B ENTRE CARREAR 19B Y CARRERA 19D | P36: =+P11 -> 58.3 | Q36: 0.5 | R36: 1.15 | T36: 1 | U36: =+P36*Q36*R36 -> 33.5225
M37: =+M12 -> CARRERA 20 ENTRE CALLE 40B Y CALLE 40 | P37: =+P12 -> 0 | Q37: 0.5 | R37: 1.15 | T37: 1 | U37: =+P37*Q37*R37 -> 0
M38: =+M13 -> CARRERA 19B ENTRE CALLE 40A Y CALLE 40B | P38: =+P13 -> 0 | Q38: 0.5 | R38: 1.15 | T38: 1 | U38: =+P38*Q38*R38 -> 0
M40: BOCACALLE | P40: 6 | Q40: 0.5 | R40: 1.15 | T40: 6 | U40: =+T40*P40*Q40*R40 -> 20.7 | V40: 96.646,123.761
M42: CAJAS DE EMPALME | P42: 1 | Q42: 1 | R42: 1 | T42: =+T40 -> 6 | U42: =+P42*Q42*R42*T42 -> 6
V47: 225.601,135.115
V48: 188.359,128.936
M49: TOTAL | U49: =SUM(U33:U48) -> 275.2725
B54: CARMEN ANA MERCADO PEREZ
B55: Secretario De Planeación
B56: COROZAL – SUCRE
A57: =+A26 -> MEMORIA DE CANTIDADES
A59: =+A28 -> ADQUISICIÓN E INSTALACIÓN DE CIRCUITO INTEGRADO DE VIGILANCIA PARA BODEGA QUE CUSTODIA MERCANCÍA APREHENDIDA POR EL GRUPO ANTICONTRABANDO DEL DEPARTAMENTO DE CÓRDOBA
A61: CAPÍTULO | E61: =+E30 -> #REF! | K61: =+PRESUPUESTO!A13 -> 1.3 | M61: =+PRESUPUESTO!B13 -> SUMINISTRO E INSTALACION DE CONDUCTOR DE RED DE ALTO RENDIMIENTO (CABLE UTP). CATEGORÍA 6 PARA REDES DE ALTA VELOCIDAD. MATERIAL: 100% COBRE. CALIBRE: 4P ESTÁNDAR DE 8 HILOS, 0,53 MM. REVESTIMIENTO EXTERIOR EN CHAQUETA PVC. GARANTÍA: POR DEFECTO DE FABRICA 60 MESES | P61: UNID. | Q61: =+PRESUPUESTO!C13 -> ML
A62: TOPOGRAFÍA = VER CARTERAS ADJUNTAS | M62: Localización | N62: ABSCISA INICIAL | O62: ABSCISA FINAL | P62: Dimensiones | T62: Km | U62: Cantidad Total
P63: Long. (m) | Q63: Long(m) | R63: Expansión | S63: Vol (m3)
M65: Excavación | R65: 0.3 | S65: =+U49-U179 -> 111.3675 | T65: 10 | U65: =ROUND(+S65*T65*(1+R65),2) -> 1447.78
V69: 96.646,123.761
V79: 152.892,123.539
V85: 225.601,135.115
V86: 188.359,128.936
M87: TOTAL | U87: =SUM(U64:U86) -> 1447.78
B92: CARMEN ANA MERCADO PEREZ
B93: Secretario De Planeación
B94: COROZAL – SUCRE
A95: =+A26 -> MEMORIA DE CANTIDADES
A97: =+A28 -> ADQUISICIÓN E INSTALACIÓN DE CIRCUITO INTEGRADO DE VIGILANCIA PARA BODEGA QUE CUSTODIA MERCANCÍA APREHENDIDA POR EL GRUPO ANTICONTRABANDO DEL DEPARTAMENTO DE CÓRDOBA
A99: CAPÍTULO | E99: II. ACUEDUCTO | K99: =+PRESUPUESTO!A14 -> 1.4 | M99: RELLENO CON ARENA | P99: UNID. | Q99: M3
M100: Localización | N100: ABSCISA INICIAL | O100: ABSCISA FINAL | P100: Dimensiones | T100: No. Elementos | U100: Cantidad Total
P101: Long. (m) | Q101: Ancho (m) | R101: Espesor (m) | S101: Volumen (m)
M103: =+M34 -> CALLLE 40B ENTRE CARRERA 20 Y CARRERA 19D | P103: =+P34 -> 215 | Q103: =+Q34 -> 0.5 | R103: 0.15 | U103: =+(P103*Q103*R103) -> 16.125 | V103: 5 METROS | W103: =+SUM(P103:P109,P110:P111,P113:P113,#REF!,#REF!,#REF!,#REF!,#REF!,#REF!,#REF!,#REF!,#REF!,#REF!,#REF!,#REF!,#REF!,#REF!,#REF!,#REF!) -> #REF!
M104: =+M35 -> CARRERA 19D ENTRE CALLE 40B Y ENTRADA ESTADIO | P104: =+P35 -> 159 | Q104: =+Q35 -> 0.5 | R104: 0.15 | U104: =+(P104*Q104*R104) -> 11.925 | V104: 5 METROS | W104: =+SUM(P104:P110,P111:P112,#REF!,#REF!,#REF!,#REF!,#REF!,#REF!,#REF!,#REF!,#REF!,#REF!,#REF!,#REF!,#REF!,#REF!,#REF!,#REF!,#REF!) -> #REF!
M105: =+M36 -> CALE 40B ENTRE CARREAR 19B Y CARRERA 19D | P105: =+P36 -> 58.3 | Q105: =+Q36 -> 0.5 | R105: 0.15 | U105: =+(P105*Q105*R105) -> 4.3725 | V105: 5 METROS | W105: =+SUM(P105:P111,P112:P113,#REF!,#REF!,#REF!,#REF!,#REF!,#REF!,#REF!,#REF!,#REF!,#REF!,#REF!,#REF!,#REF!,#REF!,#REF!,#REF!,#REF!) -> #REF!
M106: =+M37 -> CARRERA 20 ENTRE CALLE 40B Y CALLE 40 | P106: =+P37 -> 0 | Q106: =+Q37 -> 0.5 | R106: 0.15 | U106: =+(P106*Q106*R106) -> 0 | V106: 4.5 METROS | W106: =+SUM(#REF!,P112,#REF!,#REF!,#REF!,#REF!,#REF!,#REF!,#REF!,#REF!) -> #REF!
M107: =+M38 -> CARRERA 19B ENTRE CALLE 40A Y CALLE 40B | P107: =+P38 -> 0 | Q107: =+Q38 -> 0.5 | R107: 0.15 | U107: =+(P107*Q107*R107) -> 0
M109: =+M40 -> BOCACALLE | P109: =+P40 -> 6 | Q109: =+Q40 -> 0.5 | R109: =+R105 -> 0.15 | T109: =+T40 -> 6 | U109: =+T109*P109*Q109*R109 -> 2.7 | V109: 6 METROS | W109: =SUM(#REF!,#REF!,#REF!,#REF!,#REF!) -> #REF!
V110: 80.076,131.564
V111: 67.295,129.972
V112: 110.473,138.370
V113: 155.157,137.064
M116: TOTAL | U116: =SUM(U102:U115) -> 35.1225
B121: CARMEN ANA MERCADO PEREZ
B122: Secretario De Planeación
B123: COROZAL – SUCRE
A124: =+$A$1 -> MEMORIA DE CANTIDADES
A126: =+A97 -> ADQUISICIÓN E INSTALACIÓN DE CIRCUITO INTEGRADO DE VIGILANCIA PARA BODEGA QUE CUSTODIA MERCANCÍA APREHENDIDA POR EL GRUPO ANTICONTRABANDO DEL DEPARTAMENTO DE CÓRDOBA
A128: CAPÍTULO | E128: =+PRESUPUESTO!#REF! -> #REF! | K128: =+PRESUPUESTO!A15 -> 1.5 | M128: =+PRESUPUESTO!B15 -> SUMINISTRO E INSTALACION DE CONECTORES RJ45 DISEÑADOS PARA REDES DE ALTA VELOCIDAD DE HASTA 10GBPS. CATEGORÍA: 6 PARA REDUCIR INTERFERENCIA (RUIDO). GARANTÍA: POR DEFECTO DE FÁBRICA 12 MESES | P128: UNID. | Q128: =+PRESUPUESTO!C15 -> UND
M129: Localización | N129: ABSCISA INICIAL | O129: ABSCISA FINAL | P129: Dimensiones | T129: No. Elementos | U129: Cantidad Total
P130: Long. (m) | Q130: Ancho (m) | R130: Espesor (m) | S130: Volumen (m)
M132: =+M103 -> CALLLE 40B ENTRE CARRERA 20 Y CARRERA 19D | P132: =+P103 -> 215 | Q132: 0.5 | R132: 0.3 | U132: =+P132*Q132*R132 -> 32.25
M133: =+M104 -> CARRERA 19D ENTRE CALLE 40B Y ENTRADA ESTADIO | P133: =+P104 -> 159 | Q133: 0.5 | R133: 0.3 | U133: =+P133*Q133*R133 -> 23.85
M134: =+M105 -> CALE 40B ENTRE CARREAR 19B Y CARRERA 19D | P134: =+P105 -> 58.3 | Q134: 0.5 | R134: 0.3 | U134: =+P134*Q134*R134 -> 8.745
M135: =+M106 -> CARRERA 20 ENTRE CALLE 40B Y CALLE 40 | P135: =+P106 -> 0 | Q135: 0.5 | R135: 0.3 | U135: =+P135*Q135*R135 -> 0
M136: =+M107 -> CARRERA 19B ENTRE CALLE 40A Y CALLE 40B | P136: =+P107 -> 0 | Q136: 0.5 | R136: 0.3 | U136: =+P136*Q136*R136 -> 0
M138: =+M109 -> BOCACALLE | P138: =+P109 -> 6 | Q138: =+Q109 -> 0.5 | R138: =+R134 -> 0.3 | T138: =+T109 -> 6 | U138: =+T138*P138*Q138*R138 -> 5.4
M152: TOTAL | U152: =SUM(U131:U151) -> 70.245
B156: CARMEN ANA MERCADO PEREZ
B157: Secretario De Planeación
B158: COROZAL – SUCRE
A159: =+$A$1 -> MEMORIA DE CANTIDADES
A161: =+A126 -> ADQUISICIÓN E INSTALACIÓN DE CIRCUITO INTEGRADO DE VIGILANCIA PARA BODEGA QUE CUSTODIA MERCANCÍA APREHENDIDA POR EL GRUPO ANTICONTRABANDO DEL DEPARTAMENTO DE CÓRDOBA
A163: CAPÍTULO | E163: =+E128 -> #REF! | K163: =+PRESUPUESTO!A16 -> 1.6 | M163: =+PRESUPUESTO!B16 -> SUMINISTRO E INSTALACION DE GABINETE DE RED DE 11U TIPO RACK PARA ORGANIZACIÓN DE DISPOSITIVOS: ESTRUCTURA: METÁLICA. CON PUERTA MATERIAL METALICO CON CERRADURA, DISEÑADA PARA ALOJAR Y ORGANIZAR EQUIPOS DE RED Y CABLEADO CON CAPACIDAD DE CARGA DE 50KG. GARANTÍA: POR DEFECTO DE FÁBRICA 12 MESES | P163: UNID. | Q163: =+PRESUPUESTO!C16 -> UND
M164: Localización | N164: ABSCISA INICIAL | O164: ABSCISA FINAL | P164: Dimensiones | T164: No. Elementos | U164: Cantidad Total
P165: Long. (m) | Q165: Ancho (m) | R165: Espesor (m) | S165: Volumen (m)
M167: =+M132 -> CALLLE 40B ENTRE CARRERA 20 Y CARRERA 19D | P167: =+P132 -> 215 | Q167: 0.5 | R167: 0.7 | U167: =+P167*Q167*R167 -> 75.25
M168: =+M133 -> CARRERA 19D ENTRE CALLE 40B Y ENTRADA ESTADIO | P168: =+P133 -> 159 | Q168: 0.5 | R168: =+R167 -> 0.7 | U168: =+P168*Q168*R168 -> 55.65
M169: =+M134 -> CALE 40B ENTRE CARREAR 19B Y CARRERA 19D | P169: =+P134 -> 58.3 | Q169: 0.5 | R169: =+R168 -> 0.7 | U169: =+P169*Q169*R169 -> 20.405
M170: =+M135 -> CARRERA 20 ENTRE CALLE 40B Y CALLE 40 | P170: =+P135 -> 0 | Q170: 0.5 | R170: =+R169 -> 0.7 | U170: =+P170*Q170*R170 -> 0
M171: =+M136 -> CARRERA 19B ENTRE CALLE 40A Y CALLE 40B | P171: =+P136 -> 0 | Q171: 0.5 | R171: =+R170 -> 0.7 | U171: =+P171*Q171*R171 -> 0
M173: =+M138 -> BOCACALLE | P173: =+P138 -> 6 | Q173: =+Q138 -> 0.5 | R173: =+R169 -> 0.7 | T173: =+T138 -> 6 | U173: =+T173*P173*Q173*R173 -> 12.6
M179: TOTAL | U179: =SUM(U166:U178) -> 163.905
B184: CARMEN ANA MERCADO PEREZ
B185: Secretario De Planeación
B186: COROZAL – SUCRE
A187: =+A124 -> MEMORIA DE CANTIDADES
A189: =+A126 -> ADQUISICIÓN E INSTALACIÓN DE CIRCUITO INTEGRADO DE VIGILANCIA PARA BODEGA QUE CUSTODIA MERCANCÍA APREHENDIDA POR EL GRUPO ANTICONTRABANDO DEL DEPARTAMENTO DE CÓRDOBA
A191: CAPÍTULO | E191: II. ACUEDUCTO | K191: =+PRESUPUESTO!A17 -> 1.7 | M191: =+PRESUPUESTO!B17 -> SUMINISTRO E INSTALACION DE CAJA MEDIDAS 10X10 CMS: CAJA DE CONEXIÓN ELÉCTRICA EN MATERIAL PLÁSTICO PARA PROTECCIÓN Y DISTRIBUCIÓN DE CABLEADO ELÉCTRICO O DE DATOS. GARANTÍA: POR DEFECTO DE FÁBRICA 12 MESES | P191: UNID. | Q191: ML
M192: Localización | N192: ABSCISA INICIAL | O192: ABSCISA FINAL | P192: Dimensiones | T192: Frecuencia | U192: Cantidad Total
P193: Long. (m) | Q193: Ancho (m) | R193: Espesor (m) | S193: volumen (m)
...

Sheet CANTIDADES II
A1: MEMORIA DE CANTIDADES
A3: =+PRESUPUESTO!A1 -> ADQUISICIÓN E INSTALACIÓN DE CIRCUITO INTEGRADO DE VIGILANCIA PARA BODEGA QUE CUSTODIA MERCANCÍA APREHENDIDA POR EL GRUPO ANTICONTRABANDO DEL DEPARTAMENTO DE CÓRDOBA
A5: CAPÍTULO | F5: =+PRESUPUESTO!#REF! -> #REF! | L5: =+PRESUPUESTO!A22 -> 1.12 | N5: =+PRESUPUESTO!B22 -> SUMINISTRO E INSTALACION DE TUBERÍA MATERIAL PVC. GROSOR DE PARED SCH 40. MEDIDAS DE 1/2” PARA CONDUCCIÓN DE CABLEADO, INCLUYE ACCESORIOS (ADAPTADORES,UNIONES, CURVAS, GRAPAS). GARANTÍA: POR DEFECTO DE FÁBRICA 12 MESES | R5: UNID. | S5: =+PRESUPUESTO!C22 -> ML
A6: VER CARTERAS ADJUNTAS | N6: Localización | R6: Dimensiones | V6: No. Elementos | W6: Cantidad Total
R7: Long. (m) | S7: Ancho (m) | T7: Espesor (m) | U7: VOL(m3) diseño
N9: CALLLE 40B ENTRE CARRERA 20 Y CARRERA 19D | P9: MH1 | Q9: MH2 | R9: 34.288 | W9: =+R9 -> 34.288
P10: =+Q9 -> MH2 | Q10: MH3 | R10: 50.869 | W10: =+R10 -> 50.869
P11: =+Q10 -> MH3 | Q11: MH4 | R11: 31.062 | W11: =+R11 -> 31.062
P12: =+Q11 -> MH4 | Q12: MH5 | R12: 48.408 | W12: =+R12 -> 48.408
P13: =+Q12 -> MH5 | Q13: MH6 | R13: 52.968 | W13: =+R13 -> 52.968
N15: CARRERA 19D ENTRE CALLE 40B Y ENTRADA ESTADIO | P15: =+P13 -> MH5 | Q15: MH7 | R15: 58.613 | W15: =+R15 -> 58.613
P16: =+Q15 -> MH7 | Q16: MH8 | R16: 40.684 | W16: =+R16 -> 40.684
N17: CALE 40B ENTRE CARREAR 19B Y CARRERA 19D | P17: =+Q16 -> MH8 | Q17: MH9 | R17: 55.07 | W17: =+R17 -> 55.07
N19: ACCESO A ENTRADA ESTADIO | P19: =+P17 -> MH8 | Q19: MH10 | R19: 39.98 | W19: =+R19 -> 39.98
N21: CARRERA 20 ENTRE CALLE 40B Y CALLE 40 | P21: MH3 | Q21: MH11 | R21: 30.376 | W21: =+R21 -> 30.376
P22: =+Q21 -> MH11 | Q22: MH12 | W22: =+R22 -> 0
P23: =+Q22 -> MH12 | Q23: MH13 | W23: =+R23 -> 0
N24: =+'CANTIDADES I'!M13 -> CARRERA 19B ENTRE CALLE 40A Y CALLE 40B | P24: =+Q13 -> MH6 | Q24: =+Q17 -> MH9 | W24: =+R24 -> 0
N29: TOTAL | W29: =SUM(W9:W28) -> 442.318
B33: CARMEN ANA MERCADO PEREZ
B34: Secretario De Planeación
B35: COROZAL – SUCRE
A36: =+A1 -> MEMORIA DE CANTIDADES
A38: =+A3 -> ADQUISICIÓN E INSTALACIÓN DE CIRCUITO INTEGRADO DE VIGILANCIA PARA BODEGA QUE CUSTODIA MERCANCÍA APREHENDIDA POR EL GRUPO ANTICONTRABANDO DEL DEPARTAMENTO DE CÓRDOBA
A40: CAPÍTULO | F40: =+F5 -> #REF! | L40: =+PRESUPUESTO!A23 -> 1.13 | N40: =+PRESUPUESTO!B23 -> SUMINISTRO E INSTALACION DE TUBERÍA MATERIAL PVC. GROSOR DE PARED SCH 40. MEDIDAS DE 3/4” PARA CONDUCCIÓN DE CABLEADO, INCLUYE ACCESORIOS (ADAPTADORES,UNIONES, CURVAS, GRAPAS). GARANTÍA: POR DEFECTO DE FÁBRICA 12 MESES | R40: UNID. | S40: =+PRESUPUESTO!C23 -> ML
A41: TOPOGRAFÍA = VER CARTERAS ADJUNTAS | N41: Localización | P41: Topografía | Q41: Mejoramiento | R41: TOPOGRAFÍA = VER CARTERAS ADJUNTAS | V41: No. Elementos | W41: Cantidad Total
R42: Long. (m) | S42: Ancho (m) | T42: Espesor (m) | U42: VOL(m3) diseño
N44: CALLLE 40B ENTRE CARRERA 20 Y CARRERA 19D | R44: =+R9+R10+R11+R12+R13 -> 217.595 | S44: 0.6 | T44: 1.55 | V44: 1 | W44: =+R44*S44*T44*V44 -> 202.36335
N45: CARRERA 19D ENTRE CALLE 40B Y ENTRADA ESTADIO | R45: =+R15+R16 -> 99.297 | S45: 0.6 | T45: =+T44 -> 1.55 | V45: 1 | W45: =+R45*S45*T45*V45 -> 92.34621
N46: CALE 40B ENTRE CARREAR 19B Y CARRERA 19D | R46: =+R17 -> 55.07 | S46: 0.6 | T46: =+T45 -> 1.55 | V46: 1 | W46: =+R46*S46*T46*V46 -> 51.2151 | X46: 83.861,128.492
N47: ACCESO A ENTRADA ESTADIO | R47: =+R19 -> 39.98 | S47: 0.6 | T47: =+T46 -> 1.55 | V47: 1 | W47: =+R47*S47*T47*V47 -> 37.1814
N48: =+N21 -> CARRERA 20 ENTRE CALLE 40B Y CALLE 40 | R48: =+R21+R22+R23 -> 30.376 | S48: 0.6 | T48: =+T47 -> 1.55 | V48: 1 | W48: =+R48*S48*T48*V48 -> 28.24968
N49: =+N24 -> CARRERA 19B ENTRE CALLE 40A Y CALLE 40B | R49: =+R24 -> 0 | S49: 0.6 | T49: =+T48 -> 1.55 | V49: 1 | W49: =+R49*S49*T49*V49 -> 0
N51: BOCACALLES | R51: 6 | S51: =+S47 -> 0.6 | T51: =+T47 -> 1.55 | V51: 4 | W51: =+R51*S51*T51*V51 -> 22.32
Y52: 12
Y53: 12
Y54: 20
X56: 225.601,135.115
X57: 188.359,128.936
N58: TOTAL | W58: =SUM(W43:W57) -> 433.67574
B63: CARMEN ANA MERCADO PEREZ
B64: Secretario De Planeación
B65: COROZAL – SUCRE
A66: =+A1 -> MEMORIA DE CANTIDADES
A68: =+A3 -> ADQUISICIÓN E INSTALACIÓN DE CIRCUITO INTEGRADO DE VIGILANCIA PARA BODEGA QUE CUSTODIA MERCANCÍA APREHENDIDA POR EL GRUPO ANTICONTRABANDO DEL DEPARTAMENTO DE CÓRDOBA
A70: CAPÍTULO | F70: =+PRESUPUESTO!#REF! -> #REF! | L70: =+PRESUPUESTO!A24 -> 1.14 | N70: =+PRESUPUESTO!B24 -> SUMINISTRO E INSTALACION DE CABLE ENCAUCHETADO POR ML. CABLE ELÉCTRICO FLEXIBLE DE 3 CONDUCTORES CALIBRE 12 CON RECUBRIMIENTO PROTECTOR. GARANTÍA: POR DEFECTO DE FÁBRICA 36 MESES | R70: UNID. | S70: =+PRESUPUESTO!C24 -> ML
A71: TOPOGRAFÍA = VER CARTERAS ADJUNTAS | N71: Localización | P71: Topografía | Q71: Mejoramiento | R71: TOPOGRAFÍA = VER CARTERAS ADJUNTAS | V71: No. Elementos | W71: Cantidad Total
R72: Long. (m) | S72: Ancho (m) | T72: Espesor (m) | U72: VOL(m3) diseño
N74: DOMICILIARIAS
N75: CALLLE 40B ENTRE CARRERA 20 Y CARRERA 19D | R75: 6 | S75: 0.6 | T75: =+(0.8+1.4)/2 -> 1.1 | V75: 42 | W75: =+R75*S75*T75*V75 -> 166.32
N76: CARRERA 19D ENTRE CALLE 40B Y ENTRADA ESTADIO | R76: 6 | S76: 0.6 | T76: =+(0.8+1.4)/2 -> 1.1 | V76: 10 | W76: =+R76*S76*T76*V76 -> 39.6
N77: CALE 40B ENTRE CARREAR 19B Y CARRERA 19D | R77: 6 | S77: 0.6 | T77: =+(0.8+1.4)/2 -> 1.1 | V77: 12 | W77: =+R77*S77*T77*V77 -> 47.52 | X77: 83.861,128.492
N78: ACCESO A ENTRADA ESTADIO | R78: 6 | S78: 0.6 | T78: =+(0.8+1.4)/2 -> 1.1 | V78: 3 | W78: =+R78*S78*T78*V78 -> 11.88
N79: =+N48 -> CARRERA 20 ENTRE CALLE 40B Y CALLE 40 | R79: 6 | S79: 0.6 | T79: =+(0.8+1.4)/2 -> 1.1 | V79: 6 | W79: =+R79*S79*T79*V79 -> 23.76
N80: =+N49 -> CARRERA 19B ENTRE CALLE 40A Y CALLE 40B | R80: 6 | S80: 0.6 | T80: =+(0.8+1.4)/2 -> 1.1 | W80: =+R80*S80*T80*V80 -> 0
N82: REGISTROS | R82: 0.8 | S82: 0.8 | T82: 0.8 | V82: =SUM(V75:V81) -> 73 | W82: =+R82*S82*T82*V82 -> 37.376 | Y82: 12
N83: MANHOLES | R83: 2 | S83: 2 | T83: 2 | V83: 10 | W83: =+R83*S83*T83*V83 -> 80 | Y83: 12
Y84: 20
X86: 225.601,135.115
X87: 188.359,128.936
N88: TOTAL | W88: =SUM(W73:W87) -> 406.456
B92: CARMEN ANA MERCADO PEREZ
B93: Secretario De Planeación
B94: COROZAL – SUCRE
A95: =+A66 -> MEMORIA DE CANTIDADES
A97: =+A68 -> ADQUISICIÓN E INSTALACIÓN DE CIRCUITO INTEGRADO DE VIGILANCIA PARA BODEGA QUE CUSTODIA MERCANCÍA APREHENDIDA POR EL GRUPO ANTICONTRABANDO DEL DEPARTAMENTO DE CÓRDOBA
A99: CAPÍTULO | F99: III. ALCANTARILLADO | L99: =+PRESUPUESTO!A25 -> 1.15 | N99: =+PRESUPUESTO!B25 -> SUMINISTRO E INSTALACION DE TOMA ELECTRICO 15 AMP: DISPOSITIVO DE CONEXIÓN ELÉCTRICA PARA SUMINISTRO DE ENERGÍA. TIPO: DOBLE. SOPORTE DE POTENCIA DE 1800W A 120V. GARANTÍA: POR DEFECTO DE FÁBRICA 12 MESES | R99: UNID. | S99: =+PRESUPUESTO!C25 -> UND
N100: Localización | P100: ABSCISA INICIAL | Q100: ABSCISA FINAL | R100: Dimensiones | V100: Km | W100: Cantidad Total
R101: Long. (m) | S101: Long(m) | T101: Expansión | U101: Vol (m3)
N103: Excavación | T103: 0.3 | U103: =+W58-W204-W205-W206-W207-W212 -> 185.1888 | V103: 10 | W103: =ROUND(+U103*V103*(1+T103),2) -> 2407.45 | X103: =+SQRT((2.5^2)+(2.5^2)) -> 3.5355339
N120: TOTAL | W120: =SUM(W102:W119) -> 2407.45
B125: CARMEN ANA MERCADO PEREZ
B126: Secretario De Planeación
B127: COROZAL – SUCRE
A128: =+A66 -> MEMORIA DE CANTIDADES
A130: =+A68 -> ADQUISICIÓN E INSTALACIÓN DE CIRCUITO INTEGRADO DE VIGILANCIA PARA BODEGA QUE CUSTODIA MERCANCÍA APREHENDIDA POR EL GRUPO ANTICONTRABANDO DEL DEPARTAMENTO DE CÓRDOBA
A132: CAPÍTULO | F132: III. ALCANTARILLADO | L132: =+PRESUPUESTO!A26 -> 1.16 | N132: RELLENO CON ARENA | R132: UNID. | S132: M3
N133: Localización | P133: ABSCISA INICIAL | Q133: ABSCISA FINAL | R133: Dimensiones | V133: Frecuencia | W133: Cantidad Total
R134: Long. (m) | S134: Ancho (m) | T134: Espesor (m) | U134: volumen (m)
N136: =+N44 -> CALLLE 40B ENTRE CARRERA 20 Y CARRERA 19D | R136: =+R44 -> 217.595 | S136: 0.6 | T136: 0.15 | V136: 1 | W136: =+R136*S136*T136*V136 -> 19.58355 | X136: =+SQRT((2.5^2)+(2.5^2)) -> 3.5355339
N137: =+N45 -> CARRERA 19D ENTRE CALLE 40B Y ENTRADA ESTADIO | R137: =+R45 -> 99.297 | S137: 0.6 | T137: 0.15 | V137: 1 | W137: =+R137*S137*T137*V137 -> 8.93673
N138: =+N46 -> CALE 40B ENTRE CARREAR 19B Y CARRERA 19D | R138: =+R46 -> 55.07 | S138: 0.6 | T138: =+T136 -> 0.15 | V138: 1 | W138: =+R138*S138*T138*V138 -> 4.9563
N139: =+N47 -> ACCESO A ENTRADA ESTADIO | R139: =+R47 -> 39.98 | S139: 0.6 | T139: 0.15 | V139: 1 | W139: =+R139*S139*T139*V139 -> 3.5982
N140: =+N48 -> CARRERA 20 ENTRE CALLE 40B Y CALLE 40 | R140: =+R48 -> 30.376 | S140: 0.6 | T140: 0.15 | V140: 1 | W140: =+R140*S140*T140*V140 -> 2.73384
N141: =+N49 -> CARRERA 19B ENTRE CALLE 40A Y CALLE 40B | R141: =+R49 -> 0 | S141: 0.6 | T141: 0.15 | V141: 1 | W141: =+R141*S141*T141*V141 -> 0
N143: =+N51 -> BOCACALLES | R143: =+R51 -> 6 | S143: 0.6 | T143: 0.15 | V143: =+V51 -> 4 | W143: =+R143*S143*T143*V143 -> 2.16
N155: TOTAL | W155: =SUM(W135:W154) -> 41.96862
B160: CARMEN ANA MERCADO PEREZ
B161: Secretario De Planeación
B162: COROZAL – SUCRE
A163: =+A128 -> MEMORIA DE CANTIDADES
A165: =+A130 -> ADQUISICIÓN E INSTALACIÓN DE CIRCUITO INTEGRADO DE VIGILANCIA PARA BODEGA QUE CUSTODIA MERCANCÍA APREHENDIDA POR EL GRUPO ANTICONTRABANDO DEL DEPARTAMENTO DE CÓRDOBA
A167: CAPÍTULO | F167: III. ALCANTARILLADO | L167: 4.4 | N167: RELLENO CON MATERIAL SELECCIONADO DE CANTERA AL 95% DEL P.M. | R167: UNID. | S167: M3
N168: Localización | P168: ABSCISA INICIAL | Q168: ABSCISA FINAL | R168: Dimensiones | V168: Frecuencia | W168: Cantidad Total
R169: Long. (m) | S169: Ancho (m) | T169: Espesor (m) | U169: volumen (m)
N171: =+N136 -> CALLLE 40B ENTRE CARRERA 20 Y CARRERA 19D | R171: =+R136 -> 217.595 | S171: =+S136 -> 0.6 | T171: 0.3 | W171: =+R171*S171*T171 -> 39.1671
N172: =+N137 -> CARRERA 19D ENTRE CALLE 40B Y ENTRADA ESTADIO | R172: =+R137 -> 99.297 | S172: =+S137 -> 0.6 | T172: 0.3 | W172: =+R172*S172*T172 -> 17.87346
N173: =+N138 -> CALE 40B ENTRE CARREAR 19B Y CARRERA 19D | R173: =+R138 -> 55.07 | S173: =+S138 -> 0.6 | T173: 0.3 | W173: =+R173*S173*T173 -> 9.9126
N174: =+N139 -> ACCESO A ENTRADA ESTADIO | R174: =+R139 -> 39.98 | S174: =+S139 -> 0.6 | T174: 0.3 | W174: =+R174*S174*T174 -> 7.1964
N175: =+N140 -> CARRERA 20 ENTRE CALLE 40B Y CALLE 40 | R175: =+R140 -> 30.376 | S175: =+S140 -> 0.6 | T175: 0.3 | W175: =+R175*S175*T175 -> 5.46768
...

Sheet CRONOGRAMA
A1: =+PRESUPUESTO!A1 -> ADQUISICIÓN E INSTALACIÓN DE CIRCUITO INTEGRADO DE VIGILANCIA PARA BODEGA QUE CUSTODIA MERCANCÍA APREHENDIDA POR EL GRUPO ANTICONTRABANDO DEL DEPARTAMENTO DE CÓRDOBA
A3: ACTIVIDAD | B3: No SEMANAS | C3: MES 1 | G3: MES 2 | K3: MES 3 | O3: MES 4 | S3: MES 5 | W3: SUB TOTAL
B4: 20 | C4: 1 | D4: 2 | E4: 3 | F4: 4 | G4: 5 | H4: 6 | I4: 7 | J4: 8 | K4: =+J4+1 -> 9 | L4: =+K4+1 -> 10 | M4: =+L4+1 -> 11 | N4: =+M4+1 -> 12 | O4: =+N4+1 -> 13 | P4: =+O4+1 -> 14 | Q4: =+P4+1 -> 15 | R4: =+Q4+1 -> 16 | ... V4: =+U4+1 -> 20 | W4: =+PRESUPUESTO!F40 -> 36853720
A5: ETAPA PRECONTRACTUAL
A7: OBRA
A8: ELABORACIÓN Y PUBLICACIÓN DE ESTUDIOS PREVIOS. | B8: 1 | C8: 1 | D8: 2 | E8: 3 | F8: 4 | G8: 1 | H8: 2 | I8: 3 | J8: 4 | K8: 1 | L8: 2 | M8: 3 | N8: 4 | O8: 1 | P8: 2 | Q8: 3 | R8: 4 | S8: 1 | T8: 2 | U8: 3 | V8: 4 | W8: -
A9: INVERSION FISICA MENSUAL | C9: -
A10: PUBLICACIÓN DE LICITACIÓN. | B10: 4 | C10: 1 | D10: 2 | E10: 3 | F10: 4 | G10: 1 | H10: 2 | I10: 3 | J10: 4 | K10: 1 | L10: 2 | M10: 3 | N10: 4 | O10: 1 | P10: 2 | Q10: 3 | R10: 4 | S10: 1 | T10: 2 | U10: 3 | V10: 4 | W10: -
A11: INVERSION FISICA MENSUAL | C11: - | G11: -
A12: VISITA AL CAMPO. | B12: 1 | C12: 1 | D12: 2 | E12: 3 | F12: 4 | G12: 1 | H12: 2 | I12: 3 | J12: 4 | K12: 1 | L12: 2 | M12: 3 | N12: 4 | O12: 1 | P12: 2 | Q12: 3 | R12: 4 | S12: 1 | T12: 2 | U12: 3 | V12: 4 | W12: -
A13: INVERSION FISICA MENSUAL | G13: -
A14: EVALUACIÓN Y ADJUDICACIÓN. | B14: 1 | C14: 1 | D14: 2 | E14: 3 | F14: 4 | G14: 1 | H14: 2 | I14: 3 | J14: 4 | K14: 1 | L14: 2 | M14: 3 | N14: 4 | O14: 1 | P14: 2 | Q14: 3 | R14: 4 | S14: 1 | T14: 2 | U14: 3 | V14: 4 | W14: -
A15: INVERSION FISICA MENSUAL | G15: -
A16: SUSCRIPCIÓN DEL CONTRATO. | B16: 1 | C16: 1 | D16: 2 | E16: 3 | F16: 4 | G16: 1 | H16: 2 | I16: 3 | J16: 4 | K16: 1 | L16: 2 | M16: 3 | N16: 4 | O16: 1 | P16: 2 | Q16: 3 | R16: 4 | S16: 1 | T16: 2 | U16: 3 | V16: 4 | W16: -
A17: INVERSION FISICA MENSUAL | G17: -
A18: INTERVENTORÍA
A19: ELABORACIÓN Y PUBLICACIÓN DE ESTUDIOS PREVIOS. | B19: 1 | C19: 1 | D19: 2 | E19: 3 | F19: 4 | G19: 1 | H19: 2 | I19: 3 | J19: 4 | K19: 1 | L19: 2 | M19: 3 | N19: 4 | O19: 1 | P19: 2 | Q19: 3 | R19: 4 | S19: 1 | T19: 2 | U19: 3 | V19: 4 | W19: -
A20: INVERSION FISICA MENSUAL | C20: -
A21: PUBLICACIÓN DE LICITACIÓN. | B21: 4 | C21: 1 | D21: 2 | E21: 3 | F21: 4 | G21: 1 | H21: 2 | I21: 3 | J21: 4 | K21: 1 | L21: 2 | M21: 3 | N21: 4 | O21: 1 | P21: 2 | Q21: 3 | R21: 4 | S21: 1 | T21: 2 | U21: 3 | V21: 4 | W21: -
A22: INVERSION FISICA MENSUAL | C22: - | G22: -
A23: VISITA AL CAMPO. | B23: 1 | C23: 1 | D23: 2 | E23: 3 | F23: 4 | G23: 1 | H23: 2 | I23: 3 | J23: 4 | K23: 1 | L23: 2 | M23: 3 | N23: 4 | O23: 1 | P23: 2 | Q23: 3 | R23: 4 | S23: 1 | T23: 2 | U23: 3 | V23: 4 | W23: -
A24: INVERSION FISICA MENSUAL | G24: -
A25: EVALUACIÓN Y ADJUDICACIÓN. | B25: 1 | C25: 1 | D25: 2 | E25: 3 | F25: 4 | G25: 1 | H25: 2 | I25: 3 | J25: 4 | K25: 1 | L25: 2 | M25: 3 | N25: 4 | O25: 1 | P25: 2 | Q25: 3 | R25: 4 | S25: 1 | T25: 2 | U25: 3 | V25: 4 | W25: -
A26: INVERSION FISICA MENSUAL | G26: -
A27: SUSCRIPCIÓN DEL CONTRATO. | B27: 1 | C27: 1 | D27: 2 | E27: 3 | F27: 4 | G27: 1 | H27: 2 | I27: 3 | J27: 4 | K27: 1 | L27: 2 | M27: 3 | N27: 4 | O27: 1 | P27: 2 | Q27: 3 | R27: 4 | S27: 1 | T27: 2 | U27: 3 | V27: 4 | W27: -
A28: INVERSION FISICA MENSUAL | G28: -
A29: ETAPA CONTRACTUAL OBRA
A30: =+PRESUPUESTO!#REF! -> #REF!
A31: =+PRESUPUESTO!B11 -> SUMINISTRO E INSTALACION DE GRABADOR DE VIDEO EN RED (NVR) DE 16 CANALES. COMPRESIÓN: H265. CAPACIDAD DE DECODIFICACIÓN: 1 CANAL EN RESOLUCIÓN 4K O 4 CANALES EN 4MP SIMULTÁNEAMENTE. ANCHO DE BANDA: 80 MBPS. ALMACENTAMIENTO: 1 SATA. CON SALIDA HDMI; SOPORTA 16 CÁMARAS SIMULTÁNEAS A 4 MP CON GRABACIÓN CONTINUA. TIEMPO MÍNIMO DE ALMACENAMIENTO: 20 DÍAS EN GRABACIÓN CONTINUA. COMPATIBLE CON TODOS LOS PROTOCOLOS. SOPORTE MONITOREO Y BUSQUEDA EN TIEMPO REAL POR APP MÓVIL. GARANTÍA: POR DEFECTO DE FÁBRICA 12 MESES | B31: 2 | C31: 1 | D31: 2 | E31: 3 | F31: 4 | G31: 1 | H31: 2 | I31: 3 | J31: 4 | K31: 1 | L31: 2 | M31: 3 | N31: 4 | O31: 1 | P31: 2 | Q31: 3 | R31: 4 | S31: 1 | T31: 2 | U31: 3 | V31: 4 | W31: =+PRESUPUESTO!F11 -> 1523076
A32: INVERSION FISICA MENSUAL | K32: =+(W31/B31)*2 -> 1523076
A33: =+PRESUPUESTO!B12 -> SUMINISTRO E INSTALACION DE DISPOSITIVO DE VIGILANCIA (CÁMARA IP) DE ALTA RESOLUCIÓN: 4 MEGAPIXELES. TECNOLOGÍA SMART DUAL LIGHT. LENTE: FIJO DE 2.8MM. CON LUZ VISIBLE, RESISTENTENCIA: IP67, IMPERMEABLE Y RESISTENTE AL POLVO. ESTUCTURA: SEMIMETÁLICA. RESOLUCIÓN MÍNIMA EFECTIVA, VISIÓN NOCTURNA, DISTANCIA IR/LUZ BLANCA INFRAROJA A TOTAL OSCURIDAD, DISTANCIA IR/LUZ BLANCA. 20 MTS. GARANTÍA: POR DEFECTO DE FÁBRICA 12 MESES | B33: 2 | C33: 1 | D33: 2 | E33: 3 | F33: 4 | G33: 1 | H33: 2 | I33: 3 | J33: 4 | K33: 1 | L33: 2 | M33: 3 | N33: 4 | O33: 1 | P33: 2 | Q33: 3 | R33: 4 | S33: 1 | T33: 2 | U33: 3 | V33: 4 | W33: =+PRESUPUESTO!F12 -> 8061526.2
A34: INVERSION FISICA MENSUAL | K34: =+(W33/B33)*2 -> 8061526.2
A35: =+PRESUPUESTO!B13 -> SUMINISTRO E INSTALACION DE CONDUCTOR DE RED DE ALTO RENDIMIENTO (CABLE UTP). CATEGORÍA 6 PARA REDES DE ALTA VELOCIDAD. MATERIAL: 100% COBRE. CALIBRE: 4P ESTÁNDAR DE 8 HILOS, 0,53 MM. REVESTIMIENTO EXTERIOR EN CHAQUETA PVC. GARANTÍA: POR DEFECTO DE FABRICA 60 MESES | B35: 3 | C35: 1 | D35: 2 | E35: 3 | F35: 4 | G35: 1 | H35: 2 | I35: 3 | J35: 4 | K35: 1 | L35: 2 | M35: 3 | N35: 4 | O35: 1 | P35: 2 | Q35: 3 | R35: 4 | S35: 1 | T35: 2 | U35: 3 | V35: 4 | W35: =+PRESUPUESTO!F13 -> 1815176
A36: INVERSION FISICA MENSUAL | K36: =+(W35/B35)*3 -> 1815176
A37: =+PRESUPUESTO!B14 -> SUMINISTRO E INSTALACION DE DISCO DURO/UNIDAD DE ALMACENAMIENTO DE 3.5 PULGADAS. CON SISTEMA DE VIDEOVIGILANCIA CONTINUA 24/7. CAPACIDAD DE ALMACENAMIENTO: 4 TERABYTES. TIEMPO MINIMO DE ALMACENAMIENTO: 20 DIAS.GARANTÍA: POR DEFECTO DE FÁBRICA 12 MESES | B37: 3 | C37: 1 | D37: 2 | E37: 3 | F37: 4 | G37: 1 | H37: 2 | I37: 3 | J37: 4 | K37: 1 | L37: 2 | M37: 3 | N37: 4 | O37: 1 | P37: 2 | Q37: 3 | R37: 4 | S37: 1 | T37: 2 | U37: 3 | V37: 4 | W37: =+PRESUPUESTO!F14 -> 1277956.4
A38: INVERSION FISICA MENSUAL | K38: =+(W37/B37)*1 -> 425985.47 | O38: =+(W37/B37)*2 -> 851970.95
A39: =+PRESUPUESTO!B15 -> SUMINISTRO E INSTALACION DE CONECTORES RJ45 DISEÑADOS PARA REDES DE ALTA VELOCIDAD DE HASTA 10GBPS. CATEGORÍA: 6 PARA REDUCIR INTERFERENCIA (RUIDO). GARANTÍA: POR DEFECTO DE FÁBRICA 12 MESES | B39: 3 | C39: 1 | D39: 2 | E39: 3 | F39: 4 | G39: 1 | H39: 2 | I39: 3 | J39: 4 | K39: 1 | L39: 2 | M39: 3 | N39: 4 | O39: 1 | P39: 2 | Q39: 3 | R39: 4 | S39: 1 | T39: 2 | U39: 3 | V39: 4 | W39: =+PRESUPUESTO!F15 -> 76923.2
A40: INVERSION FISICA MENSUAL | K40: =+(W39/B39)*1 -> 25641.067 | O40: =+(W39/B39)*2 -> 51282.133
A41: =+PRESUPUESTO!B16 -> SUMINISTRO E INSTALACION DE GABINETE DE RED DE 11U TIPO RACK PARA ORGANIZACIÓN DE DISPOSITIVOS: ESTRUCTURA: METÁLICA. CON PUERTA MATERIAL METALICO CON CERRADURA, DISEÑADA PARA ALOJAR Y ORGANIZAR EQUIPOS DE RED Y CABLEADO CON CAPACIDAD DE CARGA DE 50KG. GARANTÍA: POR DEFECTO DE FÁBRICA 12 MESES | B41: 3 | C41: 1 | D41: 2 | E41: 3 | F41: 4 | G41: 1 | H41: 2 | I41: 3 | J41: 4 | K41: 1 | L41: 2 | M41: 3 | N41: 4 | O41: 1 | P41: 2 | Q41: 3 | R41: 4 | S41: 1 | T41: 2 | U41: 3 | V41: 4 | W41: =+PRESUPUESTO!F16 -> 1029550
A42: INVERSION FISICA MENSUAL | K42: =+(W41/B41)*1 -> 343183.33 | O42: =+(W41/B41)*2 -> 686366.67
A43: =+PRESUPUESTO!B17 -> SUMINISTRO E INSTALACION DE CAJA MEDIDAS 10X10 CMS: CAJA DE CONEXIÓN ELÉCTRICA EN MATERIAL PLÁSTICO PARA PROTECCIÓN Y DISTRIBUCIÓN DE CABLEADO ELÉCTRICO O DE DATOS. GARANTÍA: POR DEFECTO DE FÁBRICA 12 MESES | B43: 3 | C43: 1 | D43: 2 | E43: 3 | F43: 4 | G43: 1 | H43: 2 | I43: 3 | J43: 4 | K43: 1 | L43: 2 | M43: 3 | N43: 4 | O43: 1 | P43: 2 | Q43: 3 | R43: 4 | S43: 1 | T43: 2 | U43: 3 | V43: 4 | W43: =+PRESUPUESTO!F17 -> 183462.65
A44: INVERSION FISICA MENSUAL | K44: =+(W43/B43)*1 -> 61154.217 | O44: =+(W43/B43)*2 -> 122308.43
A45: =+PRESUPUESTO!B18 -> SUMINISTRO E INSTALACION DE CAJA DE PASO MEDIDAS: 38X38X10 CMS. MATERIAL: METÁLICA. PARA EMPALMES Y DERIVACIONES DE CABLEADO.GARANTÍA: POR DEFECTO DE FÁBRICA 12 MESES | B45: 3 | C45: 1 | D45: 2 | E45: 3 | F45: 4 | G45: 1 | H45: 2 | I45: 3 | J45: 4 | K45: 1 | L45: 2 | M45: 3 | N45: 4 | O45: 1 | P45: 2 | Q45: 3 | R45: 4 | S45: 1 | T45: 2 | U45: 3 | V45: 4 | W45: =+PRESUPUESTO!F18 -> 295987.68
A46: INVERSION FISICA MENSUAL | O46: =+(W45/B45)*3 -> 295987.68
A47: =+PRESUPUESTO!B19 -> SUMINISTRO E INSTALACION DE TUBERÍA EMT 1/2: CONDUCTO METÁLICO DE 1/2”POR METRO PARA PROTECCIÓN DE CABLES ELÉCTRICOS, CON SUS RESPECTIVOS ACCESORIOS DE INSTALACIÓN (ADAPTADORES,UNIONES, CURVAS, GRAPAS). GARANTÍA: POR DEFECTO DE FÁBRICA 12 MESES | B47: 2 | C47: 1 | D47: 2 | E47: 3 | F47: 4 | G47: 1 | H47: 2 | I47: 3 | J47: 4 | K47: 1 | L47: 2 | M47: 3 | N47: 4 | O47: 1 | P47: 2 | Q47: 3 | R47: 4 | S47: 1 | T47: 2 | U47: 3 | V47: 4 | W47: =+PRESUPUESTO!F19 -> 668790
A48: INVERSION FISICA MENSUAL | O48: =+(W47/B47)*2 -> 668790
A49: =+PRESUPUESTO!B20 -> SUMINISTRO E INSTALACION DE TUBERÍA EMT 3/4:CONDUCTO METÁLICO DE 3/4” POR METRO PARA PROTECCIÓN DE CABLES ELÉCTRICOS, CON SUS RESPECTIVOS ACCESORIOS DE INSTALACIÓN (ADAPTADORES,UNIONES, CURVAS, GRAPAS). GARANTÍA: POR DEFECTO DE FÁBRICA 12 MESES | B49: 2 | C49: 1 | D49: 2 | E49: 3 | F49: 4 | G49: 1 | H49: 2 | I49: 3 | J49: 4 | K49: 1 | L49: 2 | M49: 3 | N49: 4 | O49: 1 | P49: 2 | Q49: 3 | R49: 4 | S49: 1 | T49: 2 | U49: 3 | V49: 4 | W49: =+PRESUPUESTO!F20 -> 724500
A50: INVERSION FISICA MENSUAL | O50: =+(W49/B49)*2 -> 724500
A51: =+PRESUPUESTO!B21 -> SUMINISTRO E INSTALACION DE CANALETA. MATERIAL: PLÁSTICO. MEDIDAS 40X25 CMS. PARA CABLEADO ELÉCTRICO. GARANTÍA: POR DEFECTO DE FÁBRICA 12 MESES | B51: 2 | C51: 1 | D51: 2 | E51: 3 | F51: 4 | G51: 1 | H51: 2 | I51: 3 | J51: 4 | K51: 1 | L51: 2 | M51: 3 | N51: 4 | O51: 1 | P51: 2 | Q51: 3 | R51: 4 | S51: 1 | T51: 2 | U51: 3 | V51: 4 | W51: =+PRESUPUESTO!F21 -> 423060
A52: INVERSION FISICA MENSUAL | O52: =+(W51/B51)*2 -> 423060
A53: =+PRESUPUESTO!#REF! -> #REF!
A54: =+PRESUPUESTO!B22 -> SUMINISTRO E INSTALACION DE TUBERÍA MATERIAL PVC. GROSOR DE PARED SCH 40. MEDIDAS DE 1/2” PARA CONDUCCIÓN DE CABLEADO, INCLUYE ACCESORIOS (ADAPTADORES,UNIONES, CURVAS, GRAPAS). GARANTÍA: POR DEFECTO DE FÁBRICA 12 MESES | B54: 2 | C54: 1 | D54: 2 | E54: 3 | F54: 4 | G54: 1 | H54: 2 | I54: 3 | J54: 4 | K54: 1 | L54: 2 | M54: 3 | N54: 4 | O54: 1 | P54: 2 | Q54: 3 | R54: 4 | S54: 1 | T54: 2 | U54: 3 | V54: 4 | W54: =+PRESUPUESTO!F22 -> 223350
A55: INVERSION FISICA MENSUAL | K55: =+(W54/B54)*2 -> 223350
A56: =+PRESUPUESTO!B23 -> SUMINISTRO E INSTALACION DE TUBERÍA MATERIAL PVC. GROSOR DE PARED SCH 40. MEDIDAS DE 3/4” PARA CONDUCCIÓN DE CABLEADO, INCLUYE ACCESORIOS (ADAPTADORES,UNIONES, CURVAS, GRAPAS). GARANTÍA: POR DEFECTO DE FÁBRICA 12 MESES | B56: 2 | C56: 1 | D56: 2 | E56: 3 | F56: 4 | G56: 1 | H56: 2 | I56: 3 | J56: 4 | K56: 1 | L56: 2 | M56: 3 | N56: 4 | O56: 1 | P56: 2 | Q56: 3 | R56: 4 | S56: 1 | T56: 2 | U56: 3 | V56: 4 | W56: =+PRESUPUESTO!F23 -> 277695
A57: INVERSION FISICA MENSUAL | K57: =+(W56/B56)*2 -> 277695
A58: =+PRESUPUESTO!B24 -> SUMINISTRO E INSTALACION DE CABLE ENCAUCHETADO POR ML. CABLE ELÉCTRICO FLEXIBLE DE 3 CONDUCTORES CALIBRE 12 CON RECUBRIMIENTO PROTECTOR. GARANTÍA: POR DEFECTO DE FÁBRICA 36 MESES | B58: 2 | C58: 1 | D58: 2 | E58: 3 | F58: 4 | G58: 1 | H58: 2 | I58: 3 | J58: 4 | K58: 1 | L58: 2 | M58: 3 | N58: 4 | O58: 1 | P58: 2 | Q58: 3 | R58: 4 | S58: 1 | T58: 2 | U58: 3 | V58: 4 | W58: =+PRESUPUESTO!F24 -> 692284.5
A59: INVERSION FISICA MENSUAL | K59: =+(W58/B58)*2 -> 692284.5
A60: =+PRESUPUESTO!B25 -> SUMINISTRO E INSTALACION DE TOMA ELECTRICO 15 AMP: DISPOSITIVO DE CONEXIÓN ELÉCTRICA PARA SUMINISTRO DE ENERGÍA. TIPO: DOBLE. SOPORTE DE POTENCIA DE 1800W A 120V. GARANTÍA: POR DEFECTO DE FÁBRICA 12 MESES | B60: 3 | C60: 1 | D60: 2 | E60: 3 | F60: 4 | G60: 1 | H60: 2 | I60: 3 | J60: 4 | K60: 1 | L60: 2 | M60: 3 | N60: 4 | O60: 1 | P60: 2 | Q60: 3 | R60: 4 | S60: 1 | T60: 2 | U60: 3 | V60: 4 | W60: =+PRESUPUESTO!F25 -> 21918.45
A61: INVERSION FISICA MENSUAL | K61: =+(W60/B60)*3 -> 21918.45
A62: =+PRESUPUESTO!B26 -> SUMINISTRO E INSTALACION DE CINTA BANDIT: ROLLO DE CINTA DE 2M MATERIAL: METÁLICA UTILIZADA PARA FIJACIÓN Y SUJECIÓN EN INSTALACIONES. RESISTENCIA: ALTA. GARANTÍA: POR DEFECTO DE FÁBRICA 60 MESES | B62: 3 | C62: 1 | D62: 2 | E62: 3 | F62: 4 | G62: 1 | H62: 2 | I62: 3 | J62: 4 | K62: 1 | L62: 2 | M62: 3 | N62: 4 | O62: 1 | P62: 2 | Q62: 3 | R62: 4 | S62: 1 | T62: 2 | U62: 3 | V62: 4 | W62: =+PRESUPUESTO!F26 -> 18830
A63: INVERSION FISICA MENSUAL | K63: =+(W62/B62)*1 -> 6276.6667 | O63: =+(W62/B62)*2 -> 12553.333
A64: =+PRESUPUESTO!B27 -> SUMINISTRO E INSTALACION DE HEBILLA CINTA BANDIT: MATERIAL: ACERO INOXIDABLE DE ALTA RESISTENCIA COMPATIBLE CON CINTA BANDIT DE 2M. GARANTÍA: POR DEFECTO DE FÁBRICA 12 MESES | B64: 3 | C64: 1 | D64: 2 | E64: 3 | F64: 4 | G64: 1 | H64: 2 | I64: 3 | J64: 4 | K64: 1 | L64: 2 | M64: 3 | N64: 4 | O64: 1 | P64: 2 | Q64: 3 | R64: 4 | S64: 1 | T64: 2 | U64: 3 | V64: 4 | W64: =+PRESUPUESTO!F27 -> 4818.98
A65: INVERSION FISICA MENSUAL | K65: =+(W64/B64)*1 -> 1606.3267 | O65: =+(W64/B64)*2 -> 3212.6533
A66: =+PRESUPUESTO!#REF! -> #REF! | B66: 3 | C66: 1 | D66: 2 | E66: 3 | F66: 4 | G66: 1 | H66: 2 | I66: 3 | J66: 4 | K66: 1 | L66: 2 | M66: 3 | N66: 4 | O66: 1 | P66: 2 | Q66: 3 | R66: 4 | S66: 1 | T66: 2 | U66: 3 | V66: 4 | W66: =+PRESUPUESTO!#REF! -> #REF!
A67: INVERSION FISICA MENSUAL | K67: =+(W66/B66)*1 -> #REF! | O67: =+(W66/B66)*2 -> #REF!
A68: =+PRESUPUESTO!#REF! -> #REF! | B68: 2 | C68: 1 | D68: 2 | E68: 3 | F68: 4 | G68: 1 | H68: 2 | I68: 3 | J68: 4 | K68: 1 | L68: 2 | M68: 3 | N68: 4 | O68: 1 | P68: 2 | Q68: 3 | R68: 4 | S68: 1 | T68: 2 | U68: 3 | V68: 4 | W68: =+PRESUPUESTO!#REF! -> #REF!
A69: INVERSION FISICA MENSUAL | O69: =+(W68/B68)*2 -> #REF!
A70: =+PRESUPUESTO!#REF! -> #REF! | B70: 3 | C70: 1 | D70: 2 | E70: 3 | F70: 4 | G70: 1 | H70: 2 | I70: 3 | J70: 4 | K70: 1 | L70: 2 | M70: 3 | N70: 4 | O70: 1 | P70: 2 | Q70: 3 | R70: 4 | S70: 1 | T70: 2 | U70: 3 | V70: 4 | W70: =+PRESUPUESTO!#REF! -> #REF!
A71: INVERSION FISICA MENSUAL | O71: =+(W70/B70)*3 -> #REF!
A72: =+PRESUPUESTO!B45 -> 0 | B72: 3 | C72: 1 | D72: 2 | E72: 3 | F72: 4 | G72: 1 | H72: 2 | I72: 3 | J72: 4 | K72: 1 | L72: 2 | M72: 3 | N72: 4 | O72: 1 | P72: 2 | Q72: 3 | R72: 4 | S72: 1 | T72: 2 | U72: 3 | V72: 4 | W72: =+PRESUPUESTO!F45 -> 670000
A73: INVERSION FISICA MENSUAL | K73: =+(W72/B72)*1 -> 223333.33 | O73: =+(W72/B72)*2 -> 446666.67
A74: =+PRESUPUESTO!B28 -> SUMINISTRO E INSTALACION DE SWITCH POE O DISPOSITIVO DE RED PARA CONEXIÓN DE HASTA 8 EQUIPOS (CÁMARAS IP, TELÉFONOS, PUNTOS DE ACCESO, ETC) A UNA RED LOCAL Y SUMINISTRO DE ENERGÍA A TRAVÉS DE CABLE ETHERNET (DATOS Y POTENCIA COMBINADOS) CAPACIDAD DE ALIMENTACIÓN POE TOTAL MÍNIMA DE 110 W, CON SUMINISTRO DE HASTA 90 W EN EL PUERTO 1 Y HASTA 30 W POR CADA UNO DE LOS PUERTOS 2–8. GARANTÍA: POR DEFECTO DE FÁBRICA 12 MESES | B74: 3 | C74: 1 | D74: 2 | E74: 3 | F74: 4 | G74: 1 | H74: 2 | I74: 3 | J74: 4 | K74: 1 | L74: 2 | M74: 3 | N74: 4 | O74: 1 | P74: 2 | Q74: 3 | R74: 4 | S74: 1 | T74: 2 | U74: 3 | V74: 4 | W74: =+PRESUPUESTO!F28 -> 1261536.9
A75: INVERSION FISICA MENSUAL | K75: =+(W74/B74)*1 -> 420512.31 | O75: =+(W74/B74)*2 -> 841024.61
A76: =+PRESUPUESTO!#REF! -> #REF! | B76: 3 | C76: 1 | D76: 2 | E76: 3 | F76: 4 | G76: 1 | H76: 2 | I76: 3 | J76: 4 | K76: 1 | L76: 2 | M76: 3 | N76: 4 | O76: 1 | P76: 2 | Q76: 3 | R76: 4 | S76: 1 | T76: 2 | U76: 3 | V76: 4 | W76: =+PRESUPUESTO!#REF! -> #REF!
A77: INVERSION FISICA MENSUAL | K77: =+(W76/B76)*1 -> #REF! | O77: =+(W76/B76)*2 -> #REF!
A78: =+PRESUPUESTO!#REF! -> #REF! | B78: 2 | C78: 1 | D78: 2 | E78: 3 | F78: 4 | G78: 1 | H78: 2 | I78: 3 | J78: 4 | K78: 1 | L78: 2 | M78: 3 | N78: 4 | O78: 1 | P78: 2 | Q78: 3 | R78: 4 | S78: 1 | T78: 2 | U78: 3 | V78: 4 | W78: =+PRESUPUESTO!#REF! -> #REF!
A79: INVERSION FISICA MENSUAL | O79: =+(W78/B78)*2 -> #REF!
A80: =+PRESUPUESTO!#REF! -> #REF! | B80: 2 | C80: 1 | D80: 2 | E80: 3 | F80: 4 | G80: 1 | H80: 2 | I80: 3 | J80: 4 | K80: 1 | L80: 2 | M80: 3 | N80: 4 | O80: 1 | P80: 2 | Q80: 3 | R80: 4 | S80: 1 | T80: 2 | U80: 3 | V80: 4 | W80: =+PRESUPUESTO!#REF! -> #REF!
A81: INVERSION FISICA MENSUAL | O81: =+(W80/B80)*2 -> #REF!
A82: COSTOS DIRECTOS E INDIRECTO | Y82: =+PRESUPUESTO!F40 -> 36853720 | Z82: =+Y82-W83 -> #REF!
A83: COSTO DIRECTO | C83: - | G83: - | K83: =+K32+K34+K36+K38+K40+K42+K44+K46+K48+K50+K52+K55+K57+K59+K61+K63+K65+K67+K69+K71+K73+K75+K77+K79+K81 -> #REF! | O83: =+O32+O34+O36+O38+O40+O42+O44+O46+O48+O50+O52+O55+O57+O59+O61+O63+O65+O67+O69+O71+O73+O75+O77+O79+O81 -> #REF! | S83: 0 | W83: =SUM(W31:W81) -> #REF! | Y83: =+SUM(K83:R83) -> #REF! | Z83: =+Y83-W83 -> #REF!
A84: A.I.U. | B84: 0.35 | C84: - | G84: - | K84: =ROUND(K83*$B$84,0) -> #REF! | O84: =ROUND(O83*$B$84,0) -> #REF! | S84: 0 | W84: =+PRESUPUESTO!F44 -> 11056116 | Y84: =+SUM(K84:R84) -> #REF! | Z84: =+Y84-W84 -> #REF!
A85: PGIO | K85: =+W85/2 -> #REF! | O85: =+K85 -> #REF! | S85: 0 | W85: =+PRESUPUESTO!#REF! -> #REF! | Y85: =+SUM(K85:R85) -> #REF! | Z85: =+Y85-W85 -> #REF!
A86: PMT | K86: =+W86/2 -> #REF! | O86: =+K86 -> #REF! | S86: 0 | W86: =+PRESUPUESTO!#REF! -> #REF! | Y86: =+SUM(K86:R86) -> #REF! | Z86: =+Y86-W86 -> #REF!
A87: TOTAL OBRA CIVIL | C87: - | G87: - | K87: =+K83+K84+K85+K86 -> #REF! | O87: =+O83+O84+O85+O86 -> #REF! | S87: 0 | W87: =W83+W84+W85+W86 -> #REF! | Y87: =+W87-SUM(K87:N87) -> #REF!
A88: INTERVENTORÍA | C88: - | G88: - | K88: =+W88/2 -> #REF! | O88: =+K88 -> #REF! | S88: 0 | W88: =+PRESUPUESTO!#REF! -> #REF! | Y88: =+W88-SUM(K88:N88) -> #REF!
A89: FLUJO MENSUAL | C89: - | G89: - | K89: =+ROUND(K87+K88,0) -> #REF! | O89: =+ROUND(O87+O88,0) -> #REF! | S89: 0 | W89: =+W87+W88 -> #REF! | Y89: =+W89-SUM(K89:N89) -> #REF! | Z89: =+W89-Y89 -> #REF!
A90: FLUJO ACUMULADO | C90: - | G90: - | K90: =+K89 -> #REF! | O90: =K90+O89-1 -> #REF! | S90: 0 | W90: =+W89 -> #REF!
A91: % FINANCIERO | C91: - | G91: - | K91: =K89/$W$89 -> #REF! | O91: =O89/$W$89 -> #REF! | W91: =+SUM(K91:R91) -> #REF!
A92: % FINANCIERO ACUMULADO | C92: - | G92: - | K92: =+K91 -> #REF! | O92: =+K92+O91 -> #REF! | W92: =+W91 -> #REF!
A93: ETAPA POSTCONTRACTUAL
A94: LIQUIDACION DE LOS CONTRATOS DE OBRA E INTERVENTORIA | B94: 4 | C94: 1 | D94: 2 | E94: 3 | F94: 4 | G94: 1 | H94: 2 | I94: 3 | J94: 4 | K94: 1 | L94: 2 | M94: 3 | N94: 4 | O94: 1 | P94: 2 | Q94: 3 | R94: 4 | S94: 1 | T94: 2 | U94: 3 | V94: 4
A95: INVERSION FISICA MENSUAL
A102: CARMEN ANA MERCADO PEREZ
A103: Secretario De Planeación
A104: COROZAL – SUCRE
